Workbook
Name \a: [1]PJ!#REF!
Name \a: [1]PJ!#REF!
Name \a: [1]PJ!#REF!
Name \L: #REF!
Name \L: #REF!
Name \L: #REF!
Name \P: #REF!
Name \P: #REF!
Name \P: #REF!
Name \s: #REF!
Name \s: #REF!
Name \s: #REF!
Name ________________________PJ50: #REF!
Name ________________________PJ50: #REF!
Name ________________________PJ50: #REF!
Name _______________________pj51: #REF!
Name _______________________pj51: #REF!
Name _______________________pj51: #REF!
Name ______________________PJ50: #REF!
Name ______________________PJ50: #REF!
Name ______________________PJ50: #REF!
Name _____________________PJ50: #REF!
Name _____________________PJ50: #REF!
Name _____________________PJ50: #REF!
Name _____________________pj51: #REF!
Name _____________________pj51: #REF!
Name _____________________pj51: #REF!
Name _____________________xz2: #REF!
Name _____________________xz2: #REF!
Name _____________________xz2: #REF!
Name ____________________PJ50: #REF!
Name ____________________PJ50: #REF!
Name ____________________PJ50: #REF!
Name ____________________pj51: #REF!
Name ____________________pj51: #REF!
Name ____________________pj51: #REF!
Name ____________________xz2: #REF!
Name ____________________xz2: #REF!
Name ____________________xz2: #REF!
Name ___________________PJ50: #REF!
Name ___________________PJ50: #REF!
Name ___________________PJ50: #REF!
Name ___________________pj51: #REF!
Name ___________________pj51: #REF!
Name ___________________pj51: #REF!
Name ___________________xz2: #REF!
Name ___________________xz2: #REF!
Name ___________________xz2: #REF!
Name __________________PJ50: #REF!
Name __________________PJ50: #REF!
Name __________________PJ50: #REF!
Name __________________pj51: #REF!
Name __________________pj51: #REF!
Name __________________pj51: #REF!
Name __________________xz2: #REF!
Name __________________xz2: #REF!
Name __________________xz2: #REF!
Name _________________PJ50: #REF!
Name _________________PJ50: #REF!
Name _________________PJ50: #REF!

Sheet CANTIDADES
B1: NOMBRE DEL PROYECTO | D1: CONSTRUCCION DE HORNILLAS ECOEFICIENTES EN ECOSISTEMAS DE CONSERVACION ESTRATEGICOS DE ZONA RURAL.
B2: UBICACIÓN | D2: MUNICIPIO DE PITALITO - HUILA
B4: MEMORIA DE CALCULOS DE CANTIDADES
B8: =+'PTO HORNILLA'!B7 -> 1.1 | C8: =+'PTO HORNILLA'!C7:D7 -> Localización y replanteo con Comision de Topografia. | F8: Càlculo | K8: =+'PTO HORNILLA'!E7 -> M2
F10: Largo | G10: 1.16 | I10: Ancho | J10: 0.88 | K10: =+G10*J10 -> 1.0208
B12: =+'PTO HORNILLA'!B9 -> 2.1 | C12: =+'PTO HORNILLA'!C9:D9 -> Suministro e instalacion de compuerta para leña: en fundición gris de 20 cm de alto x 24cm de ancho profundidad 6 cms, con pasador de seguridad y espesor de 2 cm, con agarradera para evitar contacto directo con la compuerta resistentes a temperaturas de 500 oc como mínimo. dureza brinell mínimo 183, resistencia a la tensión mínima 276 mpa. | F12: Calculo | K12: =+'PTO HORNILLA'!E9 -> UND
F14: CANTIDAD | I14: 1 | K14: 1
B16: =+'PTO HORNILLA'!B10 -> 2.2 | C16: =+'PTO HORNILLA'!C10:D10 -> Suministro e instalacion de cenicero en lámina calibre 18” de 18 cm x 18 cm x 10 cm con manija en platina | F16: CANTIDAD | K16: =+'PTO HORNILLA'!E10 -> UND
F18: CANTIDAD | I18: 2 | K18: 2
B25: =+'PTO HORNILLA'!B11 -> 2.3 | C25: =+'PTO HORNILLA'!C11:D11 -> Suministro e instalacion de compuerta de aireacion: largo 20cm. ancho 11 cm. tapa 20 x 10 cm. en lamina cold rolled calibre 18 y manija en platina | F25: CANTIDAD | K25: =+'PTO HORNILLA'!E11 -> UND
F27: CANTIDAD | I27: 1 | K27: 1
B32: =+'PTO HORNILLA'!B12 -> 2.4 | C32: =+'PTO HORNILLA'!C12:D12 -> Suministro e instalacion de horno en lamina cold rolled calibre 20: dimensiones 30 cm. ancho 25 cm. profundidad 40 cm., con tapa en aluminio serrado a presión a 32,5 cm. x 32,5 cm. reforzada en los bordes con platina de 1" x 1/8, con manija en aluminio y dos bisagras de armillar peso 6.5 kilos, con bandeja interna en lámina de 39.5 cm. x 22 cm. y pestaña de 2 cm. en lámina cold rolled calibre 20. Incluye Melaza (Miel de Purga) | F32: CALCULO | K32: =+'PTO HORNILLA'!E12 -> UND
F34: CANTIDAD | I34: 1 | K34: 1
B36: =+'PTO HORNILLA'!B13 -> 2.5 | C36: =+'PTO HORNILLA'!C13:D13 -> Suministro e instalacion tanque calentador de agua con su respectiva tapa los dos elemetos en acero inoxidable calibre 20 tipo 304, con una profundidad de 26 cm, la parte superior de 15,5 cm x 22 cm,la parte inferior de 13 cm x 16,5 cm, la tapa de 23 cm x 20,5 cm con su respectivo boton de agarre, asi mismo el caldero debe llevar un aro de agarre en varilla de calibre 3/16 y un refuerzo en el borde superior con platina de 2,5 ml con una pulgada en acero inoxidable. peso 1.340 gramos, dureza mínima en escala vicker mínima de 160 hv. | F36: CALCULO | J36: =+'PTO HORNILLA'!E13 -> UND
F38: CANTIDAD | H38: 1 | J38: 1
B40: =+'PTO HORNILLA'!B14 -> 2.6 | C40: =+'PTO HORNILLA'!C14:D14 -> Suministro e instalacion de parrilla para leña: en fundición gris de 37.5 x 19.5 cm de largo y 17 mm de espesor, resistentes a temperaturas de 500 oc como mínimo, con 22 ranuras de 2 cms cada una dureza brinell mínimo 183, resistencia a la tensión mínima 276 mpa. | F40: CALCULO | J40: =+'PTO HORNILLA'!E14 -> UND
F42: CANTIDAD | H42: 1 | J42: 1
B46: =+'PTO HORNILLA'!B15 -> 2.7 | C46: =+'PTO HORNILLA'!C15:D15 -> Suministro e instalacion de plancha en hierro de fundicion gris de 29 cm de ancho por 56 cm de largo y 2 boquillas de 18,5 cm de diametro con sus respectivos discos de graduacion (resistentes a temperaturas de 500°c como minimo), dureza brinell mínimo 183, resistentes a temperaturas de 500 °c. | F46: CALCULO | J46: =+'PTO HORNILLA'!E15 -> UND
F48: CANTIDAD | H48: 2 | J48: 2
B55: =+'PTO HORNILLA'!B16 -> 2.8 | C55: =+'PTO HORNILLA'!C16:D16 -> Suministro e instalacion de escuadra en angulo de hierro de 1 1/4" x1/8 de 1,16 metos x 0.88 metros un tubo separador de 8 cm de 7/8 redondo calibre 18. peso aproximado 5.5 kilos. | F55: CALCULO | J55: UND
F57: CANTIDAD | H57: 1 | J57: 1
B62: =+'PTO HORNILLA'!B17 -> 2.9 | C62: =+'PTO HORNILLA'!C17:D17 -> Suministro e instalacion de chimenea cilindro en lámina galvanizada calibre 20 de 12 cm de diámetro x 2.5 metros de tiro. Incluye gorro chino de chimenea : construido en lamina galvanizada calibre 20, y soportado con 3 varillas de 1/4 por 25 cm, diámetro 35 cm, las varillas deber ir unidas entre si, con un aro en lamina calibre 18, con orificios de sujecion en los estremos para tornillos de 1,5 pulgadas por 1/4 de diametro con su respectiva tuerca. | F62: CALCULO | J62: UND
F64: CANTIDAD | H64: 1 | J64: 1
B75: 2.10 | C75: =+'PTO HORNILLA'!C18:D18 -> Suministro e instalacion de barra de acero para soporte de planchas corrugada de 12mm, para soporte de planchas (6 m) | F75: CALCULO | J75: ML
F77: CANTIDAD | H77: 1.1908088 | J77: 1.1908088
B82: 3.1 | C82: =+'PTO HORNILLA'!C20:D20 -> Mamposteria en ladrillo prensado a la vista 6x12x25 cm | F82: CALCULO
C83: LADRILLO PRENSADO A LA VISTA | F83: AREA 1 Y 3 | G83: AREA 2 Y 4 | H83: CANTIDAD LADRILLOS POR AREA (M2) SIN DESPERDICIO | I83: CANTIDAD LADRILLOS POR AREA (M2) CON DESPERDICIO | J83: UND LADRILLOS
C84: AREA TOTAL | E84: =+F84+G84 -> 2.96 | F84: =0.84+0.84 -> 1.68 | G84: =0.64+0.64 -> 1.28 | H84: =+(1/(0.25+0.015))*(0.06+0.015) -> 0.28301887 | I84: =29+(37*5%) -> 30.85 | J84: =+(F84+G84)*I84 -> 91.316
B89: 3.2 | C89: =+'PTO HORNILLA'!C21:D21 -> Mamposteria ladrillo TOLETE comun 6x12x25 cm | F89: CALCULO
C90: Ladrillo TOLETE comun 6X12X25 cm | G90: AREA | H90: CANTIDAD LADRILLOS POR AREA (M2) SIN DESPERDICIO | I90: CANTIDAD LADRILLOS POR AREA (M2) CON DESPERDICIO | J90: UND LADRILLOS
G91: =(1.16*0.85)*2 -> 1.972 | H91: =+(1/(0.25+0.015))*(0.06+0.015) -> 0.28301887 | I91: =29+(37*5%) -> 30.85 | J91: =+(G91)*I91 -> 60.8362
B94: 3.3 | C94: =+'PTO HORNILLA'!C22:D22 -> Suministro e instalacion de tableta vitrificada lisa irial 25 cm x25 cm | F94: CALCULO
C95: Tableta vitrificada lisa irial 25X25 Cm | G95: AREA | H95: AREA TABLETA | I95: CANTIDAD DE TABLETAS REQUERIDAS
G96: =0.8-0.16-0.16-0.056 -> 0.424 | H96: =0.25*0.25 -> 0.0625 | I96: =+G96/H96 -> 6.784
B98: Elaboró: JUAN SEBASTIAN RIVERA RIVERA | I98: Revisó: ALEXANDER MORALES RAMIREZ
B99: Cargo:APOYO PROFESIONAL AREA OPERATIVA | I99: Cargo: TEC. ADMINISTRATIVO OFICINA AMBIENTE Y GESTION DE RIESGO
B100: Firma: | I100: Firma:

Sheet PRESUPUESTO GENERAL HORNILLAS
B2: NOMBRE DEL PROYECTO | D2: PRESUPUESTO GENERAL DE OBRA CONSTRUCCION DE HORNILLAS ECOEFICIENTES EN ECOSISTEMAS DE CONSERVACION ESTRATEGICOS DE ZONA RURAL.
B3: UBICACIÓN | D3: MUNICIPIO DE PITALITO - HUILA
B5: ITEM | C5: DESCRIPCION | E5: UND | F5: CANT | G5: V.UNITARIO | H5: SUBTOTAL
B6: 1 | C6: LOCALIZACION | K6: Mamposteria ladrillo TOLETE comun 6x12x25 cm
B7: =+'1.1'!C6 -> 1.1 | C7: Localización y replanteo con Comision de Topografia. | E7: =+'1.1'!M5 -> M2 | F7: =+(CANTIDADES!K10)*132 -> 134.7456 | G7: =+'1.1'!M40 -> 6247.2727 | H7: =+F7*G7 -> 841792.51
B8: 2. | C8: ORNAMENTACION | K8: Mampostería ladrillo adobe macizo de 6x10x20 cm (contrapiso)
B9: =+'2.1'!C6 -> 2.1 | C9: Suministro e instalacion de compuerta para leña: en fundición gris de 20 cm de alto x 24cm de ancho profundidad 6 cms, con pasador de seguridad y espesor de 2 cm, con agarradera para evitar contacto directo con la compuerta resistentes a temperaturas de 500 oc como mínimo. dureza brinell mínimo 183, resistencia a la tensión mínima 276 mpa. | E9: =+'2.1'!M5 -> UND | F9: =+CANTIDADES!K14*132 -> 132 | G9: =+'2.1'!M40 -> 173465.4 | H9: =+F9*G9 -> 22897433
B10: =+'2.2'!C6 -> 2.2 | C10: Suministro e instalacion de cenicero en lámina calibre 18” de 18 cm x 18 cm x 10 cm con manija en platina | E10: =+'2.2'!M5 -> UND | F10: =+CANTIDADES!K18*132 -> 264 | G10: =+'2.2'!M40 -> 151979.4 | H10: =+G10*F10 -> 40122561
B11: =+'2.3'!C6 -> 2.3 | C11: Suministro e instalacion de compuerta de aireacion: largo 20cm. ancho 11 cm. tapa 20 x 10 cm. en lamina cold rolled calibre 18 y manija en platina | E11: =+'2.3'!M5 -> UND | F11: =+CANTIDADES!K27*132 -> 132 | G11: =+'2.3'!M40 -> 93465.398 | H11: =+G11*F11 -> 12337433
B12: =+'2.4'!C6 -> 2.4 | C12: Suministro e instalacion de horno en lamina cold rolled calibre 20: dimensiones 30 cm. ancho 25 cm. profundidad 40 cm., con tapa en aluminio serrado a presión a 32,5 cm. x 32,5 cm. reforzada en los bordes con platina de 1" x 1/8, con manija en aluminio y dos bisagras de armillar peso 6.5 kilos, con bandeja interna en lámina de 39.5 cm. x 22 cm. y pestaña de 2 cm. en lámina cold rolled calibre 20. Incluye Melaza (Miel de Purga) | E12: =+'2.4'!M5 -> UND | F12: =+CANTIDADES!K34*132 -> 132 | G12: =+'2.4'!M40 -> 154790.4 | H12: =+G12*F12 -> 20432333
B13: =+'2.5'!C6 -> 2.5 | C13: Suministro e instalacion tanque calentador de agua con su respectiva tapa los dos elemetos en acero inoxidable calibre 20 tipo 304, con una profundidad de 26 cm, la parte superior de 15,5 cm x 22 cm,la parte inferior de 13 cm x 16,5 cm, la tapa de 23 cm x 20,5 cm con su respectivo boton de agarre, asi mismo el caldero debe llevar un aro de agarre en varilla de calibre 3/16 y un refuerzo en el borde superior con platina de 2,5 ml con una pulgada en acero inoxidable. peso 1.340 gramos, dureza mínima en escala vicker mínima de 160 hv. | E13: =+'2.5'!M5 -> UND | F13: =+CANTIDADES!J38*132 -> 132 | G13: =+'2.5'!M40 -> 133465.4 | H13: =+G13*F13 -> 17617433
B14: =+'2.6'!C6 -> 2.6 | C14: Suministro e instalacion de parrilla para leña: en fundición gris de 37.5 x 19.5 cm de largo y 17 mm de espesor, resistentes a temperaturas de 500 oc como mínimo, con 22 ranuras de 2 cms cada una dureza brinell mínimo 183, resistencia a la tensión mínima 276 mpa. | E14: =+'2.6'!M5 -> UND | F14: =+CANTIDADES!J42*132 -> 132 | G14: =+'2.6'!M40 -> 32934.654 | H14: =+G14*F14 -> 4347374.3
B15: =+'2.7'!C6 -> 2.7 | C15: Suministro e instalacion de plancha en hierro de fundicion gris de 29 cm de ancho por 56 cm de largo y 2 boquillas de 18,5 cm de diametro con sus respectivos discos de graduacion (resistentes a temperaturas de 500°c como minimo), dureza brinell mínimo 183, resistentes a temperaturas de 500 °c. | E15: =+'2.7'!M5 -> UND | F15: =+CANTIDADES!J48*132 -> 264 | G15: =+'2.7'!M40 -> 174317.77 | H15: =+G15*F15 -> 46019892
B16: =+'2.8'!C6 -> 2.8 | C16: Suministro e instalacion de escuadra en angulo de hierro de 1 1/4" x1/8 de 1,16 metos x 0.88 metros un tubo separador de 8 cm de 7/8 redondo calibre 18. peso aproximado 5.5 kilos. | E16: =+'2.8'!M5 -> UND | F16: =+CANTIDADES!J57*132 -> 132 | G16: =+'2.8'!M40 -> 73096.335 | H16: =+G16*F16 -> 9648716.3
B17: =+'2.9'!C6 -> 2.9 | C17: Suministro e instalacion de chimenea cilindro en lámina galvanizada calibre 20 de 12 cm de diámetro x 2.5 metros de tiro. Incluye gorro chino de chimenea : construido en lamina galvanizada calibre 20, y soportado con 3 varillas de 1/4 por 25 cm, diámetro 35 cm, las varillas deber ir unidas entre si, con un aro en lamina calibre 18, con orificios de sujecion en los estremos para tornillos de 1,5 pulgadas por 1/4 de diametro con su respectiva tuerca. | E17: =+'2.9'!M5 -> UND | F17: =+CANTIDADES!J64*132 -> 132 | G17: =+'2.9'!M40 -> 169317.77 | H17: =+G17*F17 -> 22349946
B18: =+'2.10'!C6 -> 2.10 | C18: Suministro e instalacion de barra de acero para soporte de planchas corrugada de 12mm, para soporte de planchas (6 m) | E18: ML | F18: =+CANTIDADES!J77*132 -> 157.18676 | G18: =+'2.10'!M40 -> 7126.5111 | H18: =+G18*F18 -> 1120193.2 | J18: =+H18+J23 -> -2.479357e+08
B19: 3 | C19: CONSTRUCCIÓN HORNILLA ECOEFICIENTE
B20: =+'3.1'!C6 -> 3.1 | C20: Mamposteria en ladrillo prensado a la vista 6x12x25 cm | E20: =+'3.1'!M5 -> M2 | F20: =+CANTIDADES!E84*132 -> 390.72 | G20: =+'3.1'!M40 -> 80678.381 | H20: =+G20*F20 -> 31522657
B21: =+'3.2'!C6 -> 3.2 | C21: Mamposteria ladrillo TOLETE comun 6x12x25 cm | E21: =+'3.2'!M5 -> M2 | F21: =+CANTIDADES!G91*132 -> 260.304 | G21: =+'3.2'!M40 -> 71423.381 | H21: =+G21*F21 -> 18591792
B22: 3.3 | C22: Suministro e instalacion de tableta vitrificada lisa irial 25 cm x25 cm | E22: =+'3.3'!M5 -> M2 | F22: =+CANTIDADES!G96*132 -> 55.968 | G22: =+'3.3'!M40 -> 55523.256 | H22: =+G22*F22 -> 3107525.6
E23: COSTOS DIRECTOS OBRA CIVIL | H23: =+H7+H9+H10+H11+H12+H13+H14+H15+H16+H17+H18+H20+H21+H22 -> 2.5095708e+08 | I23: 1901190 | J23: =+I23-H23 -> -2.4905589e+08
B24: ADMINISTRACION 22% | H24: =+H23*22% -> 55210558
B25: IMPREVISTOS 1% | H25: =+H23*1% -> 2509570.8
B26: UTILIDAD 5% | H26: =+H23*5% -> 12547854
B27: TOTAL A.I.U. | H27: =+SUM(H24:H26) -> 70267982
B28: TOTAL COSTOS DIRECTOS DE OBRA CIVIL +AIU | H28: =+(H23+H27)+105.8 -> 3.2122517e+08 | I28: 321225168 | J28: =+H28-I28 -> 0.20002866
B45: COSTO TOTAL DE OBRA CIVIL + SUMINISTRO | H45: 5655715285
B46: COSTO TOTAL INTERVENTORIA 7% | H46: =+(H28*7%)+112 -> 22485874 | I46: =+#REF!-28 -> #REF!
B48: COSTO TOTAL DEL PROYECTO | H48: =+H28+H46 -> 3.4371104e+08 | I48: 343710930
I49: =+H48 -> 3.4371104e+08
B50: SON: (TRESCIENTOS CUARENTA Y TRES MILLONES SETECIENTOS DIEZ MIL NOVECIENTOS TREINTA PESOS) | I50: =+I48-I49 -> -111.97403
B52: NOTA: Los valores de las cantidades deben ser redondeadas a dos (02) decimales, los valores unitarios deben ser redondeados a cero (0) decimales, los valores totales deben ser redondeados a cero (0) decimales
B55: Elaboró: JUAN SEBASTIAN RIVERA RIVERA | E55: Reviso:ALEXANDER MORALES RAMIREZ
B56: Cargo: INGENIERO CIVIL - OFICINA DE AMBIENTE Y GESTION DE RIESGO | E56: Cargo:TEC. ADM. OFICINA AMBIENTE Y GESTION DE RIESGO
B57: Firma: | E57: Firma:

Sheet PTO HORNILLA
B2: NOMBRE DEL PROYECTO | D2: PRESUPUESTO GENERAL DE OBRA CONSTRUCCION DE HORNILLAS ECOEFICIENTES EN ECOSISTEMAS DE CONSERVACION ESTRATEGICOS DE ZONA RURAL.
B3: UBICACIÓN | D3: MUNICIPIO DE PITALITO - HUILA
B5: ITEM | C5: DESCRIPCION | E5: UND | F5: CANT | G5: V.UNITARIO | H5: SUBTOTAL
B6: 1 | C6: LOCALIZACION | K6: Mamposteria ladrillo TOLETE comun 6x12x25 cm
B7: =+'1.1'!C6 -> 1.1 | C7: Localización y replanteo con Comision de Topografia. | E7: =+'1.1'!M5 -> M2 | F7: =+CANTIDADES!K10 -> 1.0208 | G7: =+'1.1'!M40 -> 6247.2727 | H7: =+F7*G7 -> 6377.216
B8: 2. | C8: ORNAMENTACION | K8: Mampostería ladrillo adobe macizo de 6x10x20 cm (contrapiso)
B9: =+'2.1'!C6 -> 2.1 | C9: Suministro e instalacion de compuerta para leña: en fundición gris de 20 cm de alto x 24cm de ancho profundidad 6 cms, con pasador de seguridad y espesor de 2 cm, con agarradera para evitar contacto directo con la compuerta resistentes a temperaturas de 500 oc como mínimo. dureza brinell mínimo 183, resistencia a la tensión mínima 276 mpa. | E9: =+'2.1'!M5 -> UND | F9: =+CANTIDADES!K14 -> 1 | G9: =+'2.1'!M40 -> 173465.4 | H9: =+F9*G9 -> 173465.4
B10: =+'2.2'!C6 -> 2.2 | C10: Suministro e instalacion de cenicero en lámina calibre 18” de 18 cm x 18 cm x 10 cm con manija en platina | E10: =+'2.2'!M5 -> UND | F10: =+CANTIDADES!K18 -> 2 | G10: =+'2.2'!M40 -> 151979.4 | H10: =+G10*F10 -> 303958.8
B11: =+'2.3'!C6 -> 2.3 | C11: Suministro e instalacion de compuerta de aireacion: largo 20cm. ancho 11 cm. tapa 20 x 10 cm. en lamina cold rolled calibre 18 y manija en platina | E11: =+'2.3'!M5 -> UND | F11: =+CANTIDADES!K27 -> 1 | G11: =+'2.3'!M40 -> 93465.398 | H11: =+G11*F11 -> 93465.398
B12: =+'2.4'!C6 -> 2.4 | C12: Suministro e instalacion de horno en lamina cold rolled calibre 20: dimensiones 30 cm. ancho 25 cm. profundidad 40 cm., con tapa en aluminio serrado a presión a 32,5 cm. x 32,5 cm. reforzada en los bordes con platina de 1" x 1/8, con manija en aluminio y dos bisagras de armillar peso 6.5 kilos, con bandeja interna en lámina de 39.5 cm. x 22 cm. y pestaña de 2 cm. en lámina cold rolled calibre 20. Incluye Melaza (Miel de Purga) | E12: =+'2.4'!M5 -> UND | F12: =+CANTIDADES!K34 -> 1 | G12: =+'2.4'!M40 -> 154790.4 | H12: =+G12*F12 -> 154790.4
B13: =+'2.5'!C6 -> 2.5 | C13: Suministro e instalacion tanque calentador de agua con su respectiva tapa los dos elemetos en acero inoxidable calibre 20 tipo 304, con una profundidad de 26 cm, la parte superior de 15,5 cm x 22 cm,la parte inferior de 13 cm x 16,5 cm, la tapa de 23 cm x 20,5 cm con su respectivo boton de agarre, asi mismo el caldero debe llevar un aro de agarre en varilla de calibre 3/16 y un refuerzo en el borde superior con platina de 2,5 ml con una pulgada en acero inoxidable. peso 1.340 gramos, dureza mínima en escala vicker mínima de 160 hv. | E13: =+'2.5'!M5 -> UND | F13: =+CANTIDADES!J38 -> 1 | G13: =+'2.5'!M40 -> 133465.4 | H13: =+G13*F13 -> 133465.4
B14: =+'2.6'!C6 -> 2.6 | C14: Suministro e instalacion de parrilla para leña: en fundición gris de 37.5 x 19.5 cm de largo y 17 mm de espesor, resistentes a temperaturas de 500 oc como mínimo, con 22 ranuras de 2 cms cada una dureza brinell mínimo 183, resistencia a la tensión mínima 276 mpa. | E14: =+'2.6'!M5 -> UND | F14: =+CANTIDADES!J42 -> 1 | G14: =+'2.6'!M40 -> 32934.654 | H14: =+G14*F14 -> 32934.654
B15: =+'2.7'!C6 -> 2.7 | C15: Suministro e instalacion de plancha en hierro de fundicion gris de 29 cm de ancho por 56 cm de largo y 2 boquillas de 18,5 cm de diametro con sus respectivos discos de graduacion (resistentes a temperaturas de 500°c como minimo), dureza brinell mínimo 183, resistentes a temperaturas de 500 °c. | E15: =+'2.7'!M5 -> UND | F15: =+CANTIDADES!J48 -> 2 | G15: =+'2.7'!M40 -> 174317.77 | H15: =+G15*F15 -> 348635.55
B16: =+'2.8'!C6 -> 2.8 | C16: Suministro e instalacion de escuadra en angulo de hierro de 1 1/4" x1/8 de 1,16 metos x 0.88 metros un tubo separador de 8 cm de 7/8 redondo calibre 18. peso aproximado 5.5 kilos. | E16: =+'2.8'!M5 -> UND | F16: =+CANTIDADES!J57 -> 1 | G16: =+'2.8'!M40 -> 73096.335 | H16: =+G16*F16 -> 73096.335
B17: =+'2.9'!C6 -> 2.9 | C17: Suministro e instalacion de chimenea cilindro en lámina galvanizada calibre 20 de 12 cm de diámetro x 2.5 metros de tiro. Incluye gorro chino de chimenea : construido en lamina galvanizada calibre 20, y soportado con 3 varillas de 1/4 por 25 cm, diámetro 35 cm, las varillas deber ir unidas entre si, con un aro en lamina calibre 18, con orificios de sujecion en los estremos para tornillos de 1,5 pulgadas por 1/4 de diametro con su respectiva tuerca. | E17: =+'2.9'!M5 -> UND | F17: =+CANTIDADES!J64 -> 1 | G17: =+'2.9'!M40 -> 169317.77 | H17: =+G17*F17 -> 169317.77
B18: =+'2.10'!C6 -> 2.10 | C18: Suministro e instalacion de barra de acero para soporte de planchas corrugada de 12mm, para soporte de planchas (6 m) | E18: ML | F18: =+CANTIDADES!J77 -> 1.1908088 | G18: =+'2.10'!M40 -> 7126.5111 | H18: =+G18*F18 -> 8486.3121 | J18: =+H18+J23 -> 8486.3121
B19: 3 | C19: CONSTRUCCIÓN HORNILLA ECOEFICIENTE
B20: =+'3.1'!C6 -> 3.1 | C20: Mamposteria en ladrillo prensado a la vista 6x12x25 cm | E20: =+'3.1'!M5 -> M2 | F20: =+CANTIDADES!E84 -> 2.96 | G20: =+'3.1'!M40 -> 80678.381 | H20: =+G20*F20 -> 238808.01
B21: =+'3.2'!C6 -> 3.2 | C21: Mamposteria ladrillo TOLETE comun 6x12x25 cm | E21: =+'3.2'!M5 -> M2 | F21: =+CANTIDADES!G91 -> 1.972 | G21: =+'3.2'!M40 -> 71423.381 | H21: =+G21*F21 -> 140846.91
B22: 3.3 | C22: Suministro e instalacion de tableta vitrificada lisa irial 25 cm x25 cm | E22: =+'3.3'!M5 -> M2 | F22: =+CANTIDADES!G96 -> 0.424 | G22: =+'3.3'!M40 -> 55523.256 | H22: =+G22*F22 -> 23541.861
E23: COSTOS DIRECTOS OBRA CIVIL | H23: =+H7+H9+H10+H11+H12+H13+H14+H15+H16+H17+H18+H20+H21+H22 -> 1901190 | I23: 1901190 | J23: =+I23-H23 -> -1.6973354e-07
B24: ADMINISTRACION 22% | H24: =+H23*22% -> 418261.8
B25: IMPREVISTOS 1% | H25: =+H23*1% -> 19011.9
B26: UTILIDAD 5% | H26: =+H23*5% -> 95059.5
B27: TOTAL A.I.U. | H27: =+SUM(H24:H26) -> 532333.2
B28: TOTAL COSTOS DIRECTOS DE OBRA CIVIL +AIU | H28: =+(H23+H27)+1 -> 2433524.2
B45: COSTO TOTAL DE OBRA CIVIL + SUMINISTRO | H45: 5655715285
B46: COSTOS DIRECTOS TOTALES DE 132 HORNILLAS INCLUYE A.I.U. | G46: 132 | H46: =+(H28*G46)-26 -> 3.2122517e+08 | I46: 321225168 | J46: =+H46-I46 -> 0.40002865
B47: COSTO TOTAL INTERVENTORIA 7% | H47: =+(H46-400)*7% -> 22485734 | I47: =+H46-28 -> 3.2122514e+08
B49: COSTO TOTAL DEL PROYECTO | H49: =+H46+H47 -> 3.437109e+08 | I49: 22485734
B51: SON: (TRESCIENTOS CUARENTA Y TRES MILLONES SETECIENTOS DIEZ MIL NOVECIENTOS TREINTA PESOS)
B53: NOTA: Los valores de las cantidades deben ser redondeadas a dos (02) decimales, los valores unitarios deben ser redondeados a cero (0) decimales, los valores totales deben ser redondeados a cero (0) decimales
B56: Elaboró: JUAN SEBASTIAN RIVERA RIVERA | E56: Reviso:ALEXANDER MORALES RAMIREZ
B57: Cargo: INGENIERO CIVIL - OFICINA DE AMBIENTE Y GESTION DE RIESGO | E57: Cargo:TEC. ADM. OFICINA AMBIENTE Y GESTION DE RIESGO
B58: Firma: | E58: Firma:

Sheet 1.1
B2: NOMBRE DEL PROYECTO | D2: =+'PTO HORNILLA'!D2 -> PRESUPUESTO GENERAL DE OBRA CONSTRUCCION DE HORNILLAS ECOEFICIENTES EN ECOSISTEMAS DE CONSERVACION ESTRATEGICOS DE ZONA RURAL.
B3: UBICACIÓN | D3: MUNICIPIO DE PITALITO - HUILA
B5: CAPITULO: | C5: 1 | D5: Localización y replanteo con Comision de Topografia. | L5: UNIDAD: | M5: M2
B6: ITEM: | C6: 1.1
B8: MATERIALES
B9: DESCRIPCIÓN | J9: UND | K9: CANT | L9: V/UNITARIO | M9: V/TOTAL
L14: SUBTOTAL | M14: 0
B16: MAQUINARIA Y EQUIPO
B17: DESCRIPCIÓN | J17: UND | K17: RENDIMIENTO | L17: V/UNITARIO | M17: V/TOTAL
B18: Herramienta menor 10% M.O | J18: GBL | K18: 0.1 | L18: 3200 | M18: =+L18*K18 -> 320
L23: SUBTOTAL | M23: =+M18 -> 320
B25: TRANSPORTE
B26: DESCRIPCIÓN | I26: UND | J26: CANT | K26: DISTANCIA | L26: V/UNITARIO | M26: V/TOTAL
B27: =+INSUMOS!B268 -> Motocarguero | I27: VIAJE | J27: 1 | K27: 11 | L27: =+INSUMOS!D268 -> 30000 | M27: =+L27/K27 -> 2727.2727
L31: SUBTOTAL | M31: =+M27 -> 2727.2727
B33: MANO DE OBRA
B34: DESCRIPCION | I34: UND | J34: CANT | K34: RENDIMIENTO | L34: V/UNIT CON FACTOR. P. | M34: V/TOTAL
B35: Cuadrilla AA 1Of+1Ay (Albañilería) | I35: DIA | J35: 1 | K35: 6 | L35: 19200 | M35: =+L35/K35 -> 3200
L38: SUBTOTAL | M38: =+M35 -> 3200
K40: COSTOS DIRECTOS | M40: =+M23+M14+M31+M38 -> 6247.2727 | N40: 3520
J41: ADMINISTRACIÓN | L41: 0.22 | M41: =+M40*L41 -> 1374.4
J42: IMPREVISTOS | L42: 0.01 | M42: =+M40*L42 -> 62.472727
J43: UTILIDAD | L43: 0.05 | M43: =+M40*L43 -> 312.36364
J44: COSTOS INDIRECTOS | M44: =+SUM(M41:M43) -> 1749.2364
J45: COSTO TOTAL | M45: =+M40+M44 -> 7996.5091
B47: NOTA: Las cantidades se redondean a cero (0) decimales.
B50: Elaboró: JUAN SEBASTIAN RIVERA RIVERA | I50: Revisó: ALEXANDER MORALES RAMIREZ
B51: Cargo:INGENIERO CIVIL - OFICINA DE AMBIENTE Y GESTION DE RIESGO | I51: Cargo: TEC. ADMINISTRATIVO OFICINA AMBIENTE Y GESTION DE RIESGO
B52: Firma: | I52: Firma:

Sheet 2.1
B2: NOMBRE DEL PROYECTO | D2: =+'PTO HORNILLA'!D2 -> PRESUPUESTO GENERAL DE OBRA CONSTRUCCION DE HORNILLAS ECOEFICIENTES EN ECOSISTEMAS DE CONSERVACION ESTRATEGICOS DE ZONA RURAL.
B3: UBICACIÓN | D3: MUNICIPIO DE PITALITO - HUILA
B5: CAPITULO: | C5: 2 | D5: =+'PTO HORNILLA'!C9 -> Suministro e instalacion de compuerta para leña: en fundición gris de 20 cm de alto x 24cm de ancho profundidad 6 cms, con pasador de seguridad y espesor de 2 cm, con agarradera para evitar contacto directo con la compuerta resistentes a temperaturas de 500 oc como mínimo. dureza brinell mínimo 183, resistencia a la tensión mínima 276 mpa. | L5: UNIDAD: | M5: UND
B6: ITEM: | C6: 2.1
B8: MATERIALES
B9: DESCRIPCIÓN | J9: UND | K9: CANT | L9: V/UNITARIO | M9: V/TOTAL
B10: =+INSUMOS!B267 -> Compuerta para leña: en fundición gris de 20 cm de alto x 24cm de ancho profundidad 6 cms, con pasador de seguridad y espesor de 2 cm, con agarradera para evitar contacto directo con la compuerta resistentes a temperaturas de 500 oc como mínimo. dureza brinell mínimo 183, resistencia a la tensión mínima 276 mpa. | J10: =+INSUMOS!C267 -> UND | K10: 1 | L10: =+INSUMOS!D267 -> 150000 | M10: =+L10*K10 -> 150000
L14: SUBTOTAL | M14: =+M10 -> 150000
B16: MAQUINARIA Y EQUIPO
B17: DESCRIPCIÓN | J17: UND | K17: RENDIMIENTO | L17: V/UNITARIO | M17: V/TOTAL
B18: Herramienta menor 10% M.O | J18: GBL | K18: 0.1 | L18: =+M38 -> 18852.841 | M18: =+L18*K18 -> 1885.2841
L23: SUBTOTAL | M23: =+M18 -> 1885.2841
B25: TRANSPORTE
B26: DESCRIPCIÓN | I26: UND | J26: CANT | K26: DISTANCIA (KM) | L26: V/UNITARIO | M26: V/TOTAL
B27: =+INSUMOS!B268 -> Motocarguero | I27: =+INSUMOS!C268 -> VIAJE | K27: 11 | L27: =+INSUMOS!D268 -> 30000 | M27: =+L27/K27 -> 2727.2727
L31: SUBTOTAL | M31: =+M27 -> 2727.2727
B33: MANO DE OBRA
B34: DESCRIPCION | I34: UND | J34: CANT | K34: RENDIMIENTO | L34: V/UNIT CON FACTOR. P. | M34: V/TOTAL
B35: =+'M DE OBRA'!B38:F38 -> Cuadrilla 5: 1 OfcA + 1 AyuA | I35: JORNAL | J35: 1 | K35: 0.1 | L35: =+'M DE OBRA'!M38 -> 188528.41 | M35: =+L35*K35 -> 18852.841
L38: SUBTOTAL | M38: =+M35 -> 18852.841
K40: COSTOS DIRECTOS | M40: =+M23+M14+M31+M38 -> 173465.4
J41: ADMINISTRACIÓN | L41: 0.22 | M41: =+M40*L41 -> 38162.388
J42: IMPREVISTOS | L42: 0.01 | M42: =+M40*L42 -> 1734.654
J43: UTILIDAD | L43: 0.05 | M43: =+M40*L43 -> 8673.2699
J44: COSTOS INDIRECTOS | M44: =+SUM(M41:M43) -> 48570.311
J45: COSTO TOTAL | M45: =+M40+M44 -> 222035.71
B47: NOTA: Las cantidades se redondean a cero (0) decimales.
B50: Elaboró: JUAN SEBASTIAN RIVERA RIVERA | I50: Revisó: ALEXANDER MORALES RAMIREZ
B51: Cargo:INGENIERO CIVIL - OFICINA DE AMBIENTE Y GESTION DE RIESGO | I51: Cargo: TEC. ADMINISTRATIVO OFICINA AMBIENTE Y GESTION DE RIESGO
B52: Firma: | I52: Firma:

Sheet 2.2
B2: NOMBRE DEL PROYECTO | D2: =+'PTO HORNILLA'!D2 -> PRESUPUESTO GENERAL DE OBRA CONSTRUCCION DE HORNILLAS ECOEFICIENTES EN ECOSISTEMAS DE CONSERVACION ESTRATEGICOS DE ZONA RURAL.
B3: UBICACIÓN | D3: MUNICIPIO DE PITALITO - HUILA
B5: CAPITULO: | C5: 2 | D5: =+'PTO HORNILLA'!C10 -> Suministro e instalacion de cenicero en lámina calibre 18” de 18 cm x 18 cm x 10 cm con manija en platina | L5: UNIDAD: | M5: UND
B6: ITEM: | C6: 2.2
B8: MATERIALES
B9: DESCRIPCIÓN | J9: UND | K9: CANT | L9: V/UNITARIO | M9: V/TOTAL
B10: =+INSUMOS!B269 -> Cenicero en lámina calibre 18” de 18 cm x 18 cm x 10 cm con manija en platina | J10: =+INSUMOS!C269 -> UND | K10: 2 | L10: =+INSUMOS!D269 -> 64257 | M10: =+L10*K10 -> 128514 | O10: =+L10/2 -> 32128.5
L14: SUBTOTAL | M14: =+SUM(M10:M12) -> 128514 | O14: =+M14-N41 -> 105048.6
B16: MAQUINARIA Y EQUIPO
B17: DESCRIPCIÓN | J17: UND | K17: RENDIMIENTO | L17: V/UNITARIO | M17: V/TOTAL
B18: Herramienta menor 10% M.O | J18: GBL | K18: 0.1 | L18: =+M38 -> 18852.841 | M18: =+L18*K18 -> 1885.2841
L23: SUBTOTAL | M23: =+M18 -> 1885.2841
B25: TRANSPORTE
B26: DESCRIPCIÓN | I26: UND | J26: CANT | K26: DISTANCIA (KM) | L26: V/UNITARIO | M26: V/TOTAL
B27: =+INSUMOS!B268 -> Motocarguero | I27: =+INSUMOS!C268 -> VIAJE | K27: 11 | L27: =+INSUMOS!D268 -> 30000 | M27: =+L27/K27 -> 2727.2727
L31: SUBTOTAL | M31: =+M27 -> 2727.2727
B33: MANO DE OBRA
B34: DESCRIPCION | I34: UND | J34: CANT | K34: RENDIMIENTO | L34: V/UNIT CON FACTOR. P. | M34: V/TOTAL
B35: =+'M DE OBRA'!B38:F38 -> Cuadrilla 5: 1 OfcA + 1 AyuA | I35: JORNAL | J35: 1 | K35: 0.1 | L35: =+'M DE OBRA'!M38 -> 188528.41 | M35: =+L35*K35 -> 18852.841
L38: SUBTOTAL | M38: =+M35 -> 18852.841
K40: COSTOS DIRECTOS | M40: =+M23+M14+M31+M38 -> 151979.4 | N40: 151070
J41: ADMINISTRACIÓN | L41: 0.22 | M41: =+M40*L41 -> 33435.468 | N41: =+M38+M31+M23 -> 23465.398
J42: IMPREVISTOS | L42: 0.01 | M42: =+M40*L42 -> 1519.794 | N42: =+N40-N41 -> 127604.6
J43: UTILIDAD | L43: 0.05 | M43: =+M40*L43 -> 7598.9699 | N43: =+N42/2 -> 63802.301
J44: COSTOS INDIRECTOS | M44: =+SUM(M41:M43) -> 42554.231
J45: COSTO TOTAL | M45: =+M40+M44 -> 194533.63
B47: NOTA: Las cantidades se redondean a cero (0) decimales.
B50: Elaboró: JUAN SEBASTIAN RIVERA RIVERA | I50: Revisó: ALEXANDER MORALES RAMIREZ
B51: Cargo:INGENIERO CIVIL - OFICINA DE AMBIENTE Y GESTION DE RIESGO | I51: Cargo: TEC. ADMINISTRATIVO OFICINA AMBIENTE Y GESTION DE RIESGO
B52: Firma: | I52: Firma:

Sheet 2.3
B2: NOMBRE DEL PROYECTO | D2: =+'PTO HORNILLA'!D2 -> PRESUPUESTO GENERAL DE OBRA CONSTRUCCION DE HORNILLAS ECOEFICIENTES EN ECOSISTEMAS DE CONSERVACION ESTRATEGICOS DE ZONA RURAL.
B3: UBICACIÓN | D3: MUNICIPIO DE PITALITO - HUILA
B5: CAPITULO: | C5: 2 | D5: =+'PTO HORNILLA'!C11 -> Suministro e instalacion de compuerta de aireacion: largo 20cm. ancho 11 cm. tapa 20 x 10 cm. en lamina cold rolled calibre 18 y manija en platina | L5: UNIDAD: | M5: UND
B6: ITEM: | C6: 2.3
B8: MATERIALES
B9: DESCRIPCIÓN | J9: UND | K9: CANT | L9: V/UNITARIO | M9: V/TOTAL
B10: =+INSUMOS!B270 -> Compuerta de aireacion: largo 20cm. ancho 11 cm. tapa 20 x 10 cm. en lamina cold rolled calibre 18 y manija en platina | J10: =+INSUMOS!C270 -> UND | K10: 1 | L10: =+INSUMOS!D270 -> 70000 | M10: =+L10*K10 -> 70000
M11: =+L11*K11 -> 0
M12: =+K12*L12 -> 0
L14: SUBTOTAL | M14: =+SUM(M10:M12) -> 70000
B16: MAQUINARIA Y EQUIPO
B17: DESCRIPCIÓN | J17: UND | K17: RENDIMIENTO | L17: V/UNITARIO | M17: V/TOTAL
B18: Herramienta menor 10% M.O | J18: GBL | K18: 0.1 | L18: =+M38 -> 18852.841 | M18: =+L18*K18 -> 1885.2841
L23: SUBTOTAL | M23: =+M18 -> 1885.2841
B25: TRANSPORTE
B26: DESCRIPCIÓN | I26: UND | J26: CANT | K26: DISTANCIA (KM) | L26: V/UNITARIO | M26: V/TOTAL
B27: =+INSUMOS!B268 -> Motocarguero | I27: =+INSUMOS!C268 -> VIAJE | J27: 1 | K27: 11 | L27: =+INSUMOS!D268 -> 30000 | M27: =+L27/K27 -> 2727.2727
L31: SUBTOTAL | M31: =+M27 -> 2727.2727
B33: MANO DE OBRA
B34: DESCRIPCION | I34: UND | J34: CANT | K34: RENDIMIENTO | L34: V/UNIT CON FACTOR. P. | M34: V/TOTAL
B35: =+'M DE OBRA'!B38:F38 -> Cuadrilla 5: 1 OfcA + 1 AyuA | I35: JORNAL | J35: 1 | K35: 0.1 | L35: =+'M DE OBRA'!M38 -> 188528.41 | M35: =+L35*K35 -> 18852.841
L38: SUBTOTAL | M38: =+M35 -> 18852.841
K40: COSTOS DIRECTOS | M40: =+M23+M14+M31+M38 -> 93465.398 | N40: 70200
J41: ADMINISTRACIÓN | L41: 0.22 | M41: =+M40*L41 -> 20562.388 | N41: =+M38+M31+M23 -> 23465.398
J42: IMPREVISTOS | L42: 0.01 | M42: =+M40*L42 -> 934.65398 | N42: =+N40-N41 -> 46734.602
J43: UTILIDAD | L43: 0.05 | M43: =+M40*L43 -> 4673.2699
J44: COSTOS INDIRECTOS | M44: =+SUM(M41:M43) -> 26170.311
J45: COSTO TOTAL | M45: =+M40+M44 -> 119635.71
B47: NOTA: Las cantidades se redondean a cero (0) decimales.
B50: Elaboró: JUAN SEBASTIAN RIVERA RIVERA | I50: Revisó: ALEXANDER MORALES RAMIREZ
B51: Cargo:INGENIERO CIVIL - OFICINA DE AMBIENTE Y GESTION DE RIESGO | I51: Cargo: TEC. ADMINISTRATIVO OFICINA AMBIENTE Y GESTION DE RIESGO
B52: Firma: | I52: Firma:

Sheet 2.4
B2: NOMBRE DEL PROYECTO | D2: =+'PTO HORNILLA'!D2 -> PRESUPUESTO GENERAL DE OBRA CONSTRUCCION DE HORNILLAS ECOEFICIENTES EN ECOSISTEMAS DE CONSERVACION ESTRATEGICOS DE ZONA RURAL.
B3: UBICACIÓN | D3: MUNICIPIO DE PITALITO - HUILA
B5: CAPITULO: | C5: 2 | D5: =+'PTO HORNILLA'!C12 -> Suministro e instalacion de horno en lamina cold rolled calibre 20: dimensiones 30 cm. ancho 25 cm. profundidad 40 cm., con tapa en aluminio serrado a presión a 32,5 cm. x 32,5 cm. reforzada en los bordes con platina de 1" x 1/8, con manija en aluminio y dos bisagras de armillar peso 6.5 kilos, con bandeja interna en lámina de 39.5 cm. x 22 cm. y pestaña de 2 cm. en lámina cold rolled calibre 20. Incluye Melaza (Miel de Purga) | L5: UNIDAD: | M5: UND
B6: ITEM: | C6: 2.4
B8: MATERIALES
B9: DESCRIPCIÓN | J9: UND | K9: CANT | L9: V/UNITARIO | M9: V/TOTAL
B10: =+INSUMOS!B271 -> Horno en lamina cold rolled calibre 20: dimensiones 30 cm. ancho 25 cm. profundidad 40 cm., con tapa en aluminio serrado a presión a 32,5 cm. x 32,5 cm. reforzada en los bordes con platina de 1" x 1/8, con manija en aluminio y dos bisagras de armillar peso 6.5 kilos, con bandeja interna en lámina de 39.5 cm. x 22 cm. y pestaña de 2 cm. en lámina cold rolled calibre 20. Incluye | J10: =+INSUMOS!C271 -> UND | K10: 1 | L10: =+INSUMOS!D271 -> 130000 | M10: =+L10*K10 -> 130000
B11: =+INSUMOS!B272 -> Melaza (Miel de Purga) | J11: =+INSUMOS!C272 -> KG | K11: 0.53 | L11: =+INSUMOS!D272 -> 2500 | M11: =+L11*K11 -> 1325
L14: SUBTOTAL | M14: =+SUM(M10:M12) -> 131325
B16: MAQUINARIA Y EQUIPO
B17: DESCRIPCIÓN | J17: UND | K17: RENDIMIENTO | L17: V/UNITARIO | M17: V/TOTAL
B18: Herramienta menor 10% M.O | J18: GBL | K18: 0.1 | L18: =+M38 -> 18852.841 | M18: =+L18*K18 -> 1885.2841
L23: SUBTOTAL | M23: =+M18 -> 1885.2841
B25: TRANSPORTE
B26: DESCRIPCIÓN | I26: UND | J26: CANT | K26: DISTANCIA (KM) | L26: V/UNITARIO | M26: V/TOTAL
B27: =+INSUMOS!B268 -> Motocarguero | I27: VIAJE | J27: 1 | K27: 11 | L27: =+INSUMOS!D268 -> 30000 | M27: =+L27/K27 -> 2727.2727
L31: SUBTOTAL | M31: =+M27 -> 2727.2727
B33: MANO DE OBRA
B34: DESCRIPCION | I34: UND | J34: CANT | K34: RENDIMIENTO | L34: V/UNIT CON FACTOR. P. | M34: V/TOTAL
B35: =+'M DE OBRA'!B38:F38 -> Cuadrilla 5: 1 OfcA + 1 AyuA | I35: JORNAL | J35: 1 | K35: 0.1 | L35: =+'M DE OBRA'!M38 -> 188528.41 | M35: =+L35*K35 -> 18852.841
L38: SUBTOTAL | M38: =+M35 -> 18852.841
K40: COSTOS DIRECTOS | M40: =+M23+M14+M31+M38 -> 154790.4 | N40: 130215
J41: ADMINISTRACIÓN | L41: 0.22 | M41: =+M40*L41 -> 34053.888 | N41: =+M38+M31+M23 -> 23465.398
J42: IMPREVISTOS | L42: 0.01 | M42: =+M40*L42 -> 1547.904
J43: UTILIDAD | L43: 0.05 | M43: =+M40*L43 -> 7739.5199
J44: COSTOS INDIRECTOS | M44: =+SUM(M41:M43) -> 43341.311
J45: COSTO TOTAL | M45: =+M40+M44 -> 198131.71
B47: NOTA: Las cantidades se redondean a cero (0) decimales.
B50: Elaboró: JUAN SEBASTIAN RIVERA RIVERA | I50: Revisó: ALEXANDER MORALES RAMIREZ
B51: Cargo:INGENIERO CIVIL - OFICINA DE AMBIENTE Y GESTION DE RIESGO | I51: Cargo: TEC. ADMINISTRATIVO OFICINA AMBIENTE Y GESTION DE RIESGO
B52: Firma: | I52: Firma:

Sheet 2.5
B2: NOMBRE DEL PROYECTO | D2: =+'PTO HORNILLA'!D2 -> PRESUPUESTO GENERAL DE OBRA CONSTRUCCION DE HORNILLAS ECOEFICIENTES EN ECOSISTEMAS DE CONSERVACION ESTRATEGICOS DE ZONA RURAL.
B3: UBICACIÓN | D3: MUNICIPIO DE PITALITO - HUILA
B5: CAPITULO: | C5: 2 | D5: =+'PTO HORNILLA'!C13 -> Suministro e instalacion tanque calentador de agua con su respectiva tapa los dos elemetos en acero inoxidable calibre 20 tipo 304, con una profundidad de 26 cm, la parte superior de 15,5 cm x 22 cm,la parte inferior de 13 cm x 16,5 cm, la tapa de 23 cm x 20,5 cm con su respectivo boton de agarre, asi mismo el caldero debe llevar un aro de agarre en varilla de calibre 3/16 y un refuerzo en el borde superior con platina de 2,5 ml con una pulgada en acero inoxidable. peso 1.340 gramos, dureza mínima en escala vicker mínima de 160 hv. | L5: UNIDAD: | M5: UND
B6: ITEM: | C6: 2.5
B8: MATERIALES
B9: DESCRIPCIÓN | J9: UND | K9: CANT | L9: V/UNITARIO | M9: V/TOTAL
B10: Tanque calentador de agua con su respectiva tapa los dos elemetos en acero inoxidable calibre 20 tipo 304, con una profundidad de 26 cm, la parte superior de 15,5 cm x 22 cm,la parte inferior de 13 cm x 16,5 cm, la tapa de 23 cm x 20,5 cm con su respectivo boton de agarre, asi mismo el caldero debe llevar un aro de agarre en varilla de calibre 3/16 y un refuerzo en el borde superior con platina de 2,5 ml con una pulgada en acero inoxidable. peso 1.340 gramos, dureza mínima en escala vicker mínima de 160 hv. | J10: UND | K10: 1 | L10: =+INSUMOS!D273 -> 110000 | M10: =+L10*K10 -> 110000
L14: SUBTOTAL | M14: =+SUM(M10:M12) -> 110000 | N14: 85461.693
B16: MAQUINARIA Y EQUIPO
B17: DESCRIPCIÓN | J17: UND | K17: RENDIMIENTO | L17: V/UNITARIO | M17: V/TOTAL
B18: Herramienta menor 10% M.O | J18: GBL | K18: 0.1 | L18: =+M38 -> 18852.841 | M18: =+L18*K18 -> 1885.2841
L23: SUBTOTAL | M23: =+M18 -> 1885.2841
B25: TRANSPORTE
B26: DESCRIPCIÓN | I26: UND | J26: CANT | K26: DISTANCIA (KM) | L26: V/UNITARIO | M26: V/TOTAL
B27: =+INSUMOS!B268 -> Motocarguero | I27: VIAJE | J27: 1 | K27: 11 | L27: =+INSUMOS!D268 -> 30000 | M27: =+L27/K27 -> 2727.2727
L31: SUBTOTAL | M31: =+M27 -> 2727.2727
B33: MANO DE OBRA
B34: DESCRIPCION | I34: UND | J34: CANT | K34: RENDIMIENTO | L34: V/UNIT CON FACTOR. P. | M34: V/TOTAL
B35: =+'M DE OBRA'!B38:F38 -> Cuadrilla 5: 1 OfcA + 1 AyuA | I35: JORNAL | J35: 1 | K35: 0.1 | L35: =+'M DE OBRA'!M38 -> 188528.41 | M35: =+L35*K35 -> 18852.841
L38: SUBTOTAL | M38: =+M35 -> 18852.841
K40: COSTOS DIRECTOS | M40: =+M23+M14+M31+M38 -> 133465.4 | N40: 108018
J41: ADMINISTRACIÓN | L41: 0.22 | M41: =+M40*L41 -> 29362.388 | N41: =+M38+M31+M23 -> 23465.398
J42: IMPREVISTOS | L42: 0.01 | M42: =+M40*L42 -> 1334.654 | N42: =+N40-N41 -> 84552.602
J43: UTILIDAD | L43: 0.05 | M43: =+M40*L43 -> 6673.2699
J44: COSTOS INDIRECTOS | M44: =+SUM(M41:M43) -> 37370.311
J45: COSTO TOTAL | M45: =+M40+M44 -> 170835.71
B47: NOTA: Las cantidades se redondean a cero (0) decimales.
B50: Elaboró: JUAN SEBASTIAN RIVERA RIVERA | I50: Revisó: ALEXANDER MORALES RAMIREZ
B51: Cargo:INGENIERO CIVIL - OFICINA DE AMBIENTE Y GESTION DE RIESGO | I51: Cargo: TEC. ADMINISTRATIVO OFICINA AMBIENTE Y GESTION DE RIESGO
B52: Firma: | I52: Firma:

Sheet 2.6
B2: NOMBRE DEL PROYECTO | D2: =+'PTO HORNILLA'!D2 -> PRESUPUESTO GENERAL DE OBRA CONSTRUCCION DE HORNILLAS ECOEFICIENTES EN ECOSISTEMAS DE CONSERVACION ESTRATEGICOS DE ZONA RURAL.
B3: UBICACIÓN | D3: MUNICIPIO DE PITALITO - HUILA
B5: CAPITULO: | C5: 2 | D5: =+'PTO HORNILLA'!C14 -> Suministro e instalacion de parrilla para leña: en fundición gris de 37.5 x 19.5 cm de largo y 17 mm de espesor, resistentes a temperaturas de 500 oc como mínimo, con 22 ranuras de 2 cms cada una dureza brinell mínimo 183, resistencia a la tensión mínima 276 mpa. | L5: UNIDAD: | M5: UND
B6: ITEM: | C6: 2.6
B8: MATERIALES
B9: DESCRIPCIÓN | J9: UND | K9: CANT | L9: V/UNITARIO | M9: V/TOTAL
B10: Parrilla para leña: en fundición gris de 37.5 x 19.5 cm de largo y 17 mm de espesor, resistentes a temperaturas de 500 oc como mínimo, con 22 ranuras de 2 cms cada una dureza brinell mínimo 183, resistencia a la tensión mínima 276 mpa. | J10: UND | K10: 1 | L10: =+INSUMOS!D274 -> 30000 | M10: =+L10*K10 -> 30000
M11: =+L11*K11 -> 0
M12: =+K12*L12 -> 0
L14: SUBTOTAL | M14: =+SUM(M10:M12) -> 30000 | N14: 29090
N15: =+M23+M31+M38 -> 2934.654
B16: MAQUINARIA Y EQUIPO | N16: =+N14-N15 -> 26155.346
B17: DESCRIPCIÓN | J17: UND | K17: RENDIMIENTO | L17: V/UNITARIO | M17: V/TOTAL
B18: Herramienta menor 10% M.O | J18: GBL | K18: 0.1 | L18: =+M38 -> 188.52841 | M18: =+L18*K18 -> 18.852841
L23: SUBTOTAL | M23: =+M18 -> 18.852841
B25: TRANSPORTE
B26: DESCRIPCIÓN | I26: UND | J26: CANT | K26: DISTANCIA (KM) | L26: V/UNITARIO | M26: V/TOTAL
B27: =+INSUMOS!B268 -> Motocarguero | I27: VIAJE | J27: 1 | K27: 11 | L27: =+INSUMOS!D268 -> 30000 | M27: =+L27/K27 -> 2727.2727
L31: SUBTOTAL | M31: =+M27 -> 2727.2727
B33: MANO DE OBRA
B34: DESCRIPCION | I34: UND | J34: CANT | K34: RENDIMIENTO | L34: V/UNIT CON FACTOR. P. | M34: V/TOTAL
B35: =+'M DE OBRA'!B38:F38 -> Cuadrilla 5: 1 OfcA + 1 AyuA | I35: JORNAL | J35: 1 | K35: 0.001 | L35: =+'M DE OBRA'!M38 -> 188528.41 | M35: =+L35*K35 -> 188.52841
L38: SUBTOTAL | M38: =+M35 -> 188.52841
K40: COSTOS DIRECTOS | M40: =+M23+M14+M31+M38 -> 32934.654
J41: ADMINISTRACIÓN | L41: 0.22 | M41: =+M40*L41 -> 7245.6239
J42: IMPREVISTOS | L42: 0.01 | M42: =+M40*L42 -> 329.34654
J43: UTILIDAD | L43: 0.05 | M43: =+M40*L43 -> 1646.7327
J44: COSTOS INDIRECTOS | M44: =+SUM(M41:M43) -> 9221.7031
J45: COSTO TOTAL | M45: =+M40+M44 -> 42156.357
B47: NOTA: Las cantidades se redondean a cero (0) decimales.
B50: Elaboró: JUAN SEBASTIAN RIVERA RIVERA | I50: Revisó: ALEXANDER MORALES RAMIREZ
B51: Cargo:INGENIERO CIVIL - OFICINA DE AMBIENTE Y GESTION DE RIESGO | I51: Cargo: TEC. ADMINISTRATIVO OFICINA AMBIENTE Y GESTION DE RIESGO
B52: Firma: | I52: Firma:

Sheet 2.7
B2: NOMBRE DEL PROYECTO | D2: =+'PTO HORNILLA'!D2 -> PRESUPUESTO GENERAL DE OBRA CONSTRUCCION DE HORNILLAS ECOEFICIENTES EN ECOSISTEMAS DE CONSERVACION ESTRATEGICOS DE ZONA RURAL.
B3: UBICACIÓN | D3: MUNICIPIO DE PITALITO - HUILA
B5: CAPITULO: | C5: 2 | D5: =+'PTO HORNILLA'!C15 -> Suministro e instalacion de plancha en hierro de fundicion gris de 29 cm de ancho por 56 cm de largo y 2 boquillas de 18,5 cm de diametro con sus respectivos discos de graduacion (resistentes a temperaturas de 500°c como minimo), dureza brinell mínimo 183, resistentes a temperaturas de 500 °c. | L5: UNIDAD: | M5: UND
B6: ITEM: | C6: 2.7
B8: MATERIALES
B9: DESCRIPCIÓN | J9: UND | K9: CANT | L9: V/UNITARIO | M9: V/TOTAL
B10: =+INSUMOS!B275 -> Plancha en hierro de fundicion gris de 29 cm de ancho por 56 cm de largo y 2 boquillas de 18,5 cm de diametro con sus respectivos discos de graduacion (resistentes a temperaturas de 500°c como minimo), dureza brinell mínimo 183, resistentes a temperaturas de 500 °c. | J10: UND | K10: 1 | L10: =+INSUMOS!D275 -> 155000 | M10: =+L10*K10 -> 155000
M11: =+L11*K11 -> 0
M12: =+K12*L12 -> 0
L14: SUBTOTAL | M14: =+SUM(M10:M12) -> 155000 | N14: =+M14-18409 -> 136591
B16: MAQUINARIA Y EQUIPO
B17: DESCRIPCIÓN | J17: UND | K17: RENDIMIENTO | L17: V/UNITARIO | M17: V/TOTAL
B18: Herramienta menor 10% M.O | J18: GBL | K18: 0.1 | L18: =+M38 -> 15082.273 | M18: =+L18*K18 -> 1508.2273
L23: SUBTOTAL | M23: =+M18 -> 1508.2273
B25: TRANSPORTE
B26: DESCRIPCIÓN | I26: UND | J26: CANT | K26: DISTANCIA (KM) | L26: V/UNITARIO | M26: V/TOTAL
B27: =+INSUMOS!B268 -> Motocarguero | I27: VIAJE | J27: 1 | K27: 11 | L27: =+INSUMOS!D268 -> 30000 | M27: =+L27/K27 -> 2727.2727
L31: SUBTOTAL | M31: =+M27 -> 2727.2727
B33: MANO DE OBRA
B34: DESCRIPCION | I34: UND | J34: CANT | K34: RENDIMIENTO | L34: V/UNIT CON FACTOR. P. | M34: V/TOTAL
B35: =+'M DE OBRA'!B38:F38 -> Cuadrilla 5: 1 OfcA + 1 AyuA | I35: JORNAL | J35: 1 | K35: 0.08 | L35: =+'M DE OBRA'!M38 -> 188528.41 | M35: =+L35*K35 -> 15082.273
L38: SUBTOTAL | M38: =+M35 -> 15082.273
K40: COSTOS DIRECTOS | M40: =+M23+M14+M31+M38 -> 174317.77 | N40: =+M14 -> 155000 | O40: =+M40-N40 -> 19317.773
J41: ADMINISTRACIÓN | L41: 0.22 | M41: =+M40*L41 -> 38349.91 | N41: =+M38+M31+M23 -> 19317.773
J42: IMPREVISTOS | L42: 0.01 | M42: =+M40*L42 -> 1743.1777
J43: UTILIDAD | L43: 0.05 | M43: =+M40*L43 -> 8715.8886
J44: COSTOS INDIRECTOS | M44: =+SUM(M41:M43) -> 48808.976
J45: COSTO TOTAL | M45: =+M40+M44 -> 223126.75
B47: NOTA: Las cantidades se redondean a cero (0) decimales.
B50: Elaboró: JUAN SEBASTIAN RIVERA RIVERA | I50: Revisó: ALEXANDER MORALES RAMIREZ
B51: Cargo:INGENIERO CIVIL - OFICINA DE AMBIENTE Y GESTION DE RIESGO | I51: Cargo: TEC. ADMINISTRATIVO OFICINA AMBIENTE Y GESTION DE RIESGO
B52: Firma: | I52: Firma:

Sheet 2.8
B2: NOMBRE DEL PROYECTO | D2: =+'PTO HORNILLA'!D2 -> PRESUPUESTO GENERAL DE OBRA CONSTRUCCION DE HORNILLAS ECOEFICIENTES EN ECOSISTEMAS DE CONSERVACION ESTRATEGICOS DE ZONA RURAL.
B3: UBICACIÓN | D3: MUNICIPIO DE PITALITO - HUILA
B5: CAPITULO: | C5: 2 | D5: =+'PTO HORNILLA'!C16 -> Suministro e instalacion de escuadra en angulo de hierro de 1 1/4" x1/8 de 1,16 metos x 0.88 metros un tubo separador de 8 cm de 7/8 redondo calibre 18. peso aproximado 5.5 kilos. | L5: UNIDAD: | M5: UND
B6: ITEM: | C6: 2.8
B8: MATERIALES
B9: DESCRIPCIÓN | J9: UND | K9: CANT | L9: V/UNITARIO | M9: V/TOTAL
B10: =+INSUMOS!B276 -> Escuadra en angulo de hierro de 1 1/4" x1/8 de 1,16 metos x 0.88 metros un tubo separador de 8 cm de 7/8 redondo calibre 18. peso aproximado 5.5 kilos. | J10: UND | K10: 1 | L10: =+INSUMOS!D276 -> 60000 | M10: =+L10*K10 -> 60000
L14: SUBTOTAL | M14: =+SUM(M10:M12) -> 60000
B16: MAQUINARIA Y EQUIPO
B17: DESCRIPCIÓN | J17: UND | K17: RENDIMIENTO | L17: V/UNITARIO | M17: V/TOTAL
B18: Herramienta menor 10% M.O | J18: GBL | K18: 0.1 | L18: =+M38 -> 9426.4205 | M18: =+L18*K18 -> 942.64205
L23: SUBTOTAL | M23: =+M18 -> 942.64205
B25: TRANSPORTE
B26: DESCRIPCIÓN | I26: UND | J26: CANT | K26: DISTANCIA (KM) | L26: V/UNITARIO | M26: V/TOTAL
B27: =+INSUMOS!B268 -> Motocarguero | I27: VIAJE | J27: 1 | K27: 11 | L27: =+INSUMOS!D268 -> 30000 | M27: =+L27/K27 -> 2727.2727
L31: SUBTOTAL | M31: =+M27 -> 2727.2727
B33: MANO DE OBRA
B34: DESCRIPCION | I34: UND | J34: CANT | K34: RENDIMIENTO | L34: V/UNIT CON FACTOR. P. | M34: V/TOTAL
B35: =+'M DE OBRA'!B38:F38 -> Cuadrilla 5: 1 OfcA + 1 AyuA | I35: JORNAL | J35: 1 | K35: 0.05 | L35: =+'M DE OBRA'!M38 -> 188528.41 | M35: =+L35*K35 -> 9426.4205
L38: SUBTOTAL | M38: =+M35 -> 9426.4205
K40: COSTOS DIRECTOS | M40: =+M23+M14+M31+M38 -> 73096.335 | N40: 42390
J41: ADMINISTRACIÓN | L41: 0.22 | M41: =+M40*L41 -> 16081.194 | N41: =+M40-N40 -> 30706.335
J42: IMPREVISTOS | L42: 0.01 | M42: =+M40*L42 -> 730.96335 | N42: =+N40-N41 -> 11683.665
J43: UTILIDAD | L43: 0.05 | M43: =+M40*L43 -> 3654.8168
J44: COSTOS INDIRECTOS | M44: =+SUM(M41:M43) -> 20466.974
J45: COSTO TOTAL | M45: =+M40+M44 -> 93563.309
B47: NOTA: Las cantidades se redondean a cero (0) decimales.
B50: Elaboró: JUAN SEBASTIAN RIVERA RIVERA | I50: Revisó: ALEXANDER MORALES RAMIREZ
B51: Cargo:INGENIERO CIVIL - OFICINA DE AMBIENTE Y GESTION DE RIESGO | I51: Cargo: TEC. ADMINISTRATIVO OFICINA AMBIENTE Y GESTION DE RIESGO
B52: Firma: | I52: Firma:

Sheet 2.9
B2: NOMBRE DEL PROYECTO | D2: =+'PTO HORNILLA'!D2 -> PRESUPUESTO GENERAL DE OBRA CONSTRUCCION DE HORNILLAS ECOEFICIENTES EN ECOSISTEMAS DE CONSERVACION ESTRATEGICOS DE ZONA RURAL.
B3: UBICACIÓN | D3: MUNICIPIO DE PITALITO - HUILA
B5: CAPITULO: | C5: 2 | D5: =+'PTO HORNILLA'!C17 -> Suministro e instalacion de chimenea cilindro en lámina galvanizada calibre 20 de 12 cm de diámetro x 2.5 metros de tiro. Incluye gorro chino de chimenea : construido en lamina galvanizada calibre 20, y soportado con 3 varillas de 1/4 por 25 cm, diámetro 35 cm, las varillas deber ir unidas entre si, con un aro en lamina calibre 18, con orificios de sujecion en los estremos para tornillos de 1,5 pulgadas por 1/4 de diametro con su respectiva tuerca. | L5: UNIDAD: | M5: UND
B6: ITEM: | C6: 2.9
B8: MATERIALES
B9: DESCRIPCIÓN | J9: UND | K9: CANT | L9: V/UNITARIO | M9: V/TOTAL
B10: =+INSUMOS!B277 -> Chimenea cilindro en lámina galvanizada calibre 20 de 12 cm de diámetro x 2.77 metros de tiro. | J10: UND | K10: 1 | L10: =+INSUMOS!D277 -> 100000 | M10: =+L10*K10 -> 100000
B11: =+INSUMOS!B278 -> Gorro chino de chimenea : construido en lamina galvanizada calibre 20, y soportado con 3 varillas de 1/4 por 25 cm, diámetro 35 cm, las varillas deber ir unidas entre si, con un aro en lamina calibre 18, con orificios de sujecion en los estremos para tornillos de 1,5 pulgadas por 1/4 de diametro con su respectiva tuerca. | J11: UND | K11: 1 | L11: =+INSUMOS!D278 -> 50000 | M11: =+L11*K11 -> 50000
L14: SUBTOTAL | M14: =+SUM(M10:M12) -> 150000
B16: MAQUINARIA Y EQUIPO
B17: DESCRIPCIÓN | J17: UND | K17: RENDIMIENTO | L17: V/UNITARIO | M17: V/TOTAL
B18: Herramienta menor 10% M.O | J18: GBL | K18: 0.1 | L18: =+M38 -> 15082.273 | M18: =+L18*K18 -> 1508.2273
L23: SUBTOTAL | M23: =+M18 -> 1508.2273
B25: TRANSPORTE
B26: DESCRIPCIÓN | I26: UND | J26: CANT | K26: DISTANCIA (KM) | L26: V/UNITARIO | M26: V/TOTAL
B27: =+INSUMOS!B268 -> Motocarguero | I27: VIAJE | J27: 1 | K27: 11 | L27: =+INSUMOS!D268 -> 30000 | M27: =+L27/K27 -> 2727.2727
L31: SUBTOTAL | M31: =+M27 -> 2727.2727
B33: MANO DE OBRA
B34: DESCRIPCION | I34: UND | J34: CANT | K34: RENDIMIENTO | L34: V/UNIT CON FACTOR. P. | M34: V/TOTAL
B35: =+'M DE OBRA'!B38:F38 -> Cuadrilla 5: 1 OfcA + 1 AyuA | I35: JORNAL | J35: 1 | K35: 0.08 | L35: =+'M DE OBRA'!M38 -> 188528.41 | M35: =+L35*K35 -> 15082.273
L38: SUBTOTAL | M38: =+M35 -> 15082.273
K40: COSTOS DIRECTOS | M40: =+M23+M14+M31+M38 -> 169317.77 | N40: 84360
J41: ADMINISTRACIÓN | L41: 0.22 | M41: =+M40*L41 -> 37249.91 | N41: =+M40-N40 -> 84957.773
J42: IMPREVISTOS | L42: 0.01 | M42: =+M40*L42 -> 1693.1777 | N42: =+N40-N41 -> -597.77279
J43: UTILIDAD | L43: 0.05 | M43: =+M40*L43 -> 8465.8886
J44: COSTOS INDIRECTOS | M44: =+SUM(M41:M43) -> 47408.976
J45: COSTO TOTAL | M45: =+M40+M44 -> 216726.75
B47: NOTA: Las cantidades se redondean a cero (0) decimales.
B50: Elaboró: JUAN SEBASTIAN RIVERA RIVERA | I50: Revisó: ALEXANDER MORALES RAMIREZ
B51: Cargo:INGENIERO CIVIL - OFICINA DE AMBIENTE Y GESTION DE RIESGO | I51: Cargo: TEC. ADMINISTRATIVO OFICINA AMBIENTE Y GESTION DE RIESGO
B52: Firma: | I52: Firma:

Sheet 2.10
B2: NOMBRE DEL PROYECTO | D2: =+'PTO HORNILLA'!D2 -> PRESUPUESTO GENERAL DE OBRA CONSTRUCCION DE HORNILLAS ECOEFICIENTES EN ECOSISTEMAS DE CONSERVACION ESTRATEGICOS DE ZONA RURAL.
B3: UBICACIÓN | D3: MUNICIPIO DE PITALITO - HUILA
B5: CAPITULO: | C5: 2 | D5: =+'PTO HORNILLA'!C18 -> Suministro e instalacion de barra de acero para soporte de planchas corrugada de 12mm, para soporte de planchas (6 m) | L5: UNIDAD: | M5: ML
B6: ITEM: | C6: 2.10
N7: 0.15 | O7: =+N7*L10 -> 635
B8: MATERIALES
B9: DESCRIPCIÓN | J9: UND | K9: CANT | L9: V/UNITARIO | M9: V/TOTAL | N9: =+N7*132 -> 19.8
B10: =+INSUMOS!B279 -> Barra de acero para soporte de planchas corrugada de 12mm, para soporte de planchas (6m) | J10: ML | K10: 1 | L10: =+(INSUMOS!D279/6) -> 4233.3333 | M10: =+L10*K10 -> 4233.3333 | N10: 20
N11: =+N10*M40 -> 142530.22
L14: SUBTOTAL | M14: =+SUM(M10:M12) -> 4233.3333
B16: MAQUINARIA Y EQUIPO
B17: DESCRIPCIÓN | J17: UND | K17: RENDIMIENTO | L17: V/UNITARIO | M17: V/TOTAL
B18: Herramienta menor 10% M.O | J18: GBL | K18: 0.1 | L18: =+M38 -> 150.82273 | M18: =+L18*K18 -> 15.082273
L23: SUBTOTAL | M23: =+M18 -> 15.082273
B25: TRANSPORTE
B26: DESCRIPCIÓN | I26: UND | J26: CANT | K26: DISTANCIA (KM) | L26: V/UNITARIO | M26: V/TOTAL
B27: =+INSUMOS!B268 -> Motocarguero | I27: VIAJE | J27: 1 | K27: 11 | L27: =+INSUMOS!D268 -> 30000 | M27: =+L27/K27 -> 2727.2727
L31: SUBTOTAL | M31: =+M27 -> 2727.2727
B33: MANO DE OBRA
B34: DESCRIPCION | I34: UND | J34: CANT | K34: RENDIMIENTO | L34: V/UNIT CON FACTOR. P. | M34: V/TOTAL
B35: =+'M DE OBRA'!B38:F38 -> Cuadrilla 5: 1 OfcA + 1 AyuA | I35: JORNAL | J35: 1 | K35: 0.0008 | L35: =+'M DE OBRA'!M38 -> 188528.41 | M35: =+L35*K35 -> 150.82273
L38: SUBTOTAL | M38: =+M35 -> 150.82273
K40: COSTOS DIRECTOS | M40: =+M23+M14+M31+M38 -> 7126.5111
J41: ADMINISTRACIÓN | L41: 0.22 | M41: =+M40*L41 -> 1567.8324
J42: IMPREVISTOS | L42: 0.01 | M42: =+M40*L42 -> 71.265111
J43: UTILIDAD | L43: 0.05 | M43: =+M40*L43 -> 356.32555
J44: COSTOS INDIRECTOS | M44: =+SUM(M41:M43) -> 1995.4231
J45: COSTO TOTAL | M45: =+M40+M44 -> 9121.9342
B47: NOTA: Las cantidades se redondean a cero (0) decimales.
B50: Elaboró: JUAN SEBASTIAN RIVERA RIVERA | I50: Revisó: ALEXANDER MORALES RAMIREZ
B51: Cargo:INGENIERO CIVIL - OFICINA DE AMBIENTE Y GESTION DE RIESGO | I51: Cargo: TEC. ADMINISTRATIVO OFICINA AMBIENTE Y GESTION DE RIESGO
B52: Firma: | I52: Firma:

Sheet 3.1
B2: NOMBRE DEL PROYECTO | D2: =+'PTO HORNILLA'!D2 -> PRESUPUESTO GENERAL DE OBRA CONSTRUCCION DE HORNILLAS ECOEFICIENTES EN ECOSISTEMAS DE CONSERVACION ESTRATEGICOS DE ZONA RURAL.
B3: UBICACIÓN | D3: MUNICIPIO DE PITALITO - HUILA
B5: CAPITULO: | C5: 3 | D5: =+'PTO HORNILLA'!C20 -> Mamposteria en ladrillo prensado a la vista 6x12x25 cm | L5: UNIDAD: | M5: M2
B6: ITEM: | C6: 3.1
B8: MATERIALES
B9: DESCRIPCIÓN | J9: UND | K9: CANT | L9: V/UNITARIO | M9: V/TOTAL
B10: =+INSUMOS!B280 -> Ladrillo prensado a la vista 6X12X25 cm | J10: M2 | K10: =+CANTIDADES!I84 -> 30.85 | L10: =+INSUMOS!D280 -> 1800 | M10: =+L10*K10 -> 55530
B11: =+'MORTERO 1;4'!D5 -> MORTERO 1:4 IN SITU | J11: M3 | K11: 0.05 | L11: =+'MORTERO 1;4'!M40 -> 282517.17 | M11: =+L11*K11 -> 14125.859
M12: =+K12*L12 -> 0
L14: SUBTOTAL | M14: =+SUM(M10:M12) -> 69655.859
B16: MAQUINARIA Y EQUIPO
B17: DESCRIPCIÓN | J17: UND | K17: RENDIMIENTO | L17: V/UNITARIO | M17: V/TOTAL
B18: Herramienta menor 10% M.O | J18: GBL | K18: 0.1 | L18: =+M38 -> 7541.1364 | M18: =+L18*K18 -> 754.11364
L23: SUBTOTAL | M23: =+M18 -> 754.11364
B25: TRANSPORTE
B26: DESCRIPCIÓN | I26: UND | J26: CANT | K26: DISTANCIA (KM) | L26: V/UNITARIO | M26: V/TOTAL
B27: =+INSUMOS!B268 -> Motocarguero | I27: VIAJE | J27: 1 | K27: 11 | L27: =+INSUMOS!D268 -> 30000 | M27: =+L27/K27 -> 2727.2727
L31: SUBTOTAL | M31: =+M27 -> 2727.2727
B33: MANO DE OBRA
B34: DESCRIPCION | I34: UND | J34: CANT | K34: RENDIMIENTO | L34: V/UNIT CON FACTOR. P. | M34: V/TOTAL
B35: =+'M DE OBRA'!B38:F38 -> Cuadrilla 5: 1 OfcA + 1 AyuA | I35: JORNAL | J35: 1 | K35: 0.04 | L35: =+'M DE OBRA'!M38 -> 188528.41 | M35: =+L35*K35 -> 7541.1364
L38: SUBTOTAL | M38: =+M35 -> 7541.1364
K40: COSTOS DIRECTOS | M40: =+M23+M14+M31+M38 -> 80678.381
J41: ADMINISTRACIÓN | L41: 0.22 | M41: =+M40*L41 -> 17749.244
J42: IMPREVISTOS | L42: 0.01 | M42: =+M40*L42 -> 806.78381
J43: UTILIDAD | L43: 0.05 | M43: =+M40*L43 -> 4033.9191
J44: COSTOS INDIRECTOS | M44: =+SUM(M41:M43) -> 22589.947
J45: COSTO TOTAL | M45: =+M40+M44 -> 103268.33
B47: NOTA: Las cantidades se redondean a cero (0) decimales.
B50: Elaboró: JUAN SEBASTIAN RIVERA RIVERA | I50: Revisó: ALEXANDER MORALES RAMIREZ
B51: Cargo:INGENIERO CIVIL - OFICINA DE AMBIENTE Y GESTION DE RIESGO | I51: Cargo: TEC. ADMINISTRATIVO OFICINA AMBIENTE Y GESTION DE RIESGO
B52: Firma: | I52: Firma:

Sheet 3.2
B2: NOMBRE DEL PROYECTO | D2: =+'PTO HORNILLA'!D2 -> PRESUPUESTO GENERAL DE OBRA CONSTRUCCION DE HORNILLAS ECOEFICIENTES EN ECOSISTEMAS DE CONSERVACION ESTRATEGICOS DE ZONA RURAL.
B3: UBICACIÓN | D3: MUNICIPIO DE PITALITO - HUILA
B5: CAPITULO: | C5: 3 | D5: =+'PTO HORNILLA'!C21 -> Mamposteria ladrillo TOLETE comun 6x12x25 cm | L5: UNIDAD: | M5: M2
B6: ITEM: | C6: 3.2
B8: MATERIALES
B9: DESCRIPCIÓN | J9: UND | K9: CANT | L9: V/UNITARIO | M9: V/TOTAL
B10: =+INSUMOS!B281 -> Ladrillo TOLETE comun 6x12x25 cm | J10: UND | K10: =+CANTIDADES!I91 -> 30.85 | L10: =+INSUMOS!D281 -> 1500 | M10: =+L10*K10 -> 46275
B11: =+'MORTERO 1;4'!D5 -> MORTERO 1:4 IN SITU | J11: M3 | K11: 0.05 | L11: =+'MORTERO 1;4'!M40 -> 282517.17 | M11: =+L11*K11 -> 14125.859
M12: =+K12*L12 -> 0
L14: SUBTOTAL | M14: =+SUM(M10:M12) -> 60400.859
B16: MAQUINARIA Y EQUIPO
B17: DESCRIPCIÓN | J17: UND | K17: RENDIMIENTO | L17: V/UNITARIO | M17: V/TOTAL
B18: Herramienta menor 10% M.O | J18: GBL | K18: 0.1 | L18: =+M38 -> 7541.1364 | M18: =+L18*K18 -> 754.11364
L23: SUBTOTAL | M23: =+M18 -> 754.11364
B25: TRANSPORTE
B26: DESCRIPCIÓN | I26: UND | J26: CANT | K26: DISTANCIA (KM) | L26: V/UNITARIO | M26: V/TOTAL
B27: =+INSUMOS!B268 -> Motocarguero | I27: VIAJE | J27: 1 | K27: 11 | L27: =+INSUMOS!D268 -> 30000 | M27: =+L27/K27 -> 2727.2727
L31: SUBTOTAL | M31: =+M27 -> 2727.2727
B33: MANO DE OBRA
B34: DESCRIPCION | I34: UND | J34: CANT | K34: RENDIMIENTO | L34: V/UNIT CON FACTOR. P. | M34: V/TOTAL
B35: =+'M DE OBRA'!B38:F38 -> Cuadrilla 5: 1 OfcA + 1 AyuA | I35: JORNAL | J35: 1 | K35: 0.04 | L35: =+'M DE OBRA'!M38 -> 188528.41 | M35: =+L35*K35 -> 7541.1364
L38: SUBTOTAL | M38: =+M35 -> 7541.1364
K40: COSTOS DIRECTOS | M40: =+M23+M14+M31+M38 -> 71423.381
J41: ADMINISTRACIÓN | L41: 0.22 | M41: =+M40*L41 -> 15713.144
J42: IMPREVISTOS | L42: 0.01 | M42: =+M40*L42 -> 714.23381
J43: UTILIDAD | L43: 0.05 | M43: =+M40*L43 -> 3571.1691
J44: COSTOS INDIRECTOS | M44: =+SUM(M41:M43) -> 19998.547
J45: COSTO TOTAL | M45: =+M40+M44 -> 91421.928
B47: NOTA: Las cantidades se redondean a cero (0) decimales.
B50: Elaboró: JUAN SEBASTIAN RIVERA RIVERA | I50: Revisó: ALEXANDER MORALES RAMIREZ
B51: Cargo:INGENIERO CIVIL - OFICINA DE AMBIENTE Y GESTION DE RIESGO | I51: Cargo: TEC. ADMINISTRATIVO OFICINA AMBIENTE Y GESTION DE RIESGO
B52: Firma: | I52: Firma:

Sheet 3.3
B2: NOMBRE DEL PROYECTO | D2: =+'PTO HORNILLA'!D2 -> PRESUPUESTO GENERAL DE OBRA CONSTRUCCION DE HORNILLAS ECOEFICIENTES EN ECOSISTEMAS DE CONSERVACION ESTRATEGICOS DE ZONA RURAL.
B3: UBICACIÓN | D3: MUNICIPIO DE PITALITO - HUILA
B5: CAPITULO: | C5: 3 | D5: =+'PTO HORNILLA'!C22 -> Suministro e instalacion de tableta vitrificada lisa irial 25 cm x25 cm | L5: UNIDAD: | M5: M2
B6: ITEM: | C6: =+'PTO HORNILLA'!B22 -> 3.3
B8: MATERIALES
B9: DESCRIPCIÓN | J9: UND | K9: CANT | L9: V/UNITARIO | M9: V/TOTAL
B10: =+INSUMOS!B282 -> Tableta vitrificada lisa irial 25x25 cm | J10: M2 | K10: 1 | L10: =+INSUMOS!D282 -> 17782 | M10: =+L10*K10 -> 17782
B11: =+'MORTERO 1;4'!D5 -> MORTERO 1:4 IN SITU | J11: M3 | K11: 0.05 | L11: =+'MORTERO 1;4'!M40 -> 282517.17 | M11: =+L11*K11 -> 14125.859
B12: =+INSUMOS!B272 -> Melaza (Miel de Purga) | J12: KG | K12: 0.06 | L12: =+INSUMOS!D272 -> 2500 | M12: =+K12*L12 -> 150
L14: SUBTOTAL | M14: =+SUM(M10:M12) -> 32057.859
B16: MAQUINARIA Y EQUIPO
B17: DESCRIPCIÓN | J17: UND | K17: RENDIMIENTO | L17: V/UNITARIO | M17: V/TOTAL
B18: Herramienta menor 10% M.O | J18: GBL | K18: 0.1 | L18: =+M38 -> 18852.841 | M18: =+L18*K18 -> 1885.2841
L23: SUBTOTAL | M23: =+M18 -> 1885.2841
B25: TRANSPORTE
B26: DESCRIPCIÓN | I26: UND | J26: CANT | K26: DISTANCIA (KM) | L26: V/UNITARIO | M26: V/TOTAL
B27: =+INSUMOS!B268 -> Motocarguero | I27: VIAJE | J27: 1 | K27: 11 | L27: =+INSUMOS!D268 -> 30000 | M27: =+L27/K27 -> 2727.2727
L31: SUBTOTAL | M31: =+M27 -> 2727.2727
B33: MANO DE OBRA
B34: DESCRIPCION | I34: UND | J34: CANT | K34: RENDIMIENTO | L34: V/UNIT CON FACTOR. P. | M34: V/TOTAL
B35: =+'M DE OBRA'!B38:F38 -> Cuadrilla 5: 1 OfcA + 1 AyuA | I35: JORNAL | J35: 1 | K35: 0.1 | L35: =+'M DE OBRA'!M38 -> 188528.41 | M35: =+L35*K35 -> 18852.841
L38: SUBTOTAL | M38: =+M35 -> 18852.841
K40: COSTOS DIRECTOS | M40: =+M23+M14+M31+M38 -> 55523.256
J41: ADMINISTRACIÓN | L41: 0.22 | M41: =+M40*L41 -> 12215.116
J42: IMPREVISTOS | L42: 0.01 | M42: =+M40*L42 -> 555.23256
J43: UTILIDAD | L43: 0.05 | M43: =+M40*L43 -> 2776.1628
J44: COSTOS INDIRECTOS | M44: =+SUM(M41:M43) -> 15546.512
J45: COSTO TOTAL | M45: =+M40+M44 -> 71069.768
B47: NOTA: Las cantidades se redondean a cero (0) decimales.
B50: Elaboró: JUAN SEBASTIAN RIVERA RIVERA | I50: Revisó: ALEXANDER MORALES RAMIREZ
B51: Cargo:INGENIERO CIVIL - OFICINA DE AMBIENTE Y GESTION DE RIESGO | I51: Cargo: TEC. ADMINISTRATIVO OFICINA AMBIENTE Y GESTION DE RIESGO
B52: Firma: | I52: Firma:

Sheet MORTERO 1;4
B2: NOMBRE DEL PROYECTO | D2: =+'PTO HORNILLA'!D2 -> PRESUPUESTO GENERAL DE OBRA CONSTRUCCION DE HORNILLAS ECOEFICIENTES EN ECOSISTEMAS DE CONSERVACION ESTRATEGICOS DE ZONA RURAL.
B3: UBICACIÓN | D3: MUNICIPIO DE PITALITO - HUILA
B5: CAPITULO: | C5: 0 | D5: MORTERO 1:4 IN SITU | L5: UNIDAD: | M5: M3
B6: ITEM: | C6: 0
B8: MATERIALES
B9: DESCRIPCIÓN | J9: UND | K9: CANT | L9: V/UNITARIO | M9: V/TOTAL
B10: =+INSUMOS!B132 -> Cemento portland tipo 1 gris | J10: =+INSUMOS!C132 -> Kg | K10: 364 | L10: =+INSUMOS!D132 -> 590 | M10: =+L10*K10 -> 214760
B11: =+INSUMOS!B131 -> Arena para mortero | J11: =+INSUMOS!C131 -> M3 | K11: 1.16 | L11: =+INSUMOS!D131 -> 50000 | M11: =+L11*K11 -> 58000
B12: =+INSUMOS!B45 -> Agua | J12: =+BASICOS!B130 -> lt | K12: 178 | L12: =+INSUMOS!D45 -> 42 | M12: =+K12*L12 -> 7476
L14: SUBTOTAL | M14: =+SUM(M10:M12) -> 280236
B16: MAQUINARIA Y EQUIPO
B17: DESCRIPCIÓN | J17: UND | K17: RENDIMIENTO | L17: V/UNITARIO | M17: V/TOTAL
B18: Herramienta menor 10% M.O | J18: GBL | K18: 0.1 | L18: =+M38*10% -> 207.37923 | M18: =+L18 -> 207.37923
L23: SUBTOTAL | M23: =+M18 -> 207.37923
B25: TRANSPORTE
B26: DESCRIPCIÓN | I26: UND | J26: CANT | K26: DISTANCIA (KM) | L26: V/UNITARIO | M26: V/TOTAL
M27: =+L27*K27 -> 0
L31: SUBTOTAL | M31: =+M27 -> 0
B33: MANO DE OBRA
B34: DESCRIPCION | I34: UND | J34: CANT | K34: RENDIMIENTO | L34: V/UNIT CON FACTOR. P. | M34: V/TOTAL
B35: =+'M DE OBRA'!B18:I18 -> Ayudante A (Albañileria) | I35: DIA | J35: 1 | K35: 0.03 | L35: =+'M DE OBRA'!N18 -> 69126.41 | M35: =+L35*K35 -> 2073.7923
L38: SUBTOTAL | M38: =+M35 -> 2073.7923
K40: COSTOS DIRECTOS | M40: =+M14+M23+M31+M38 -> 282517.17
J41: ADMINISTRACIÓN | L41: 0.22 | M41: =+M40*L41 -> 62153.778
J42: IMPREVISTOS | L42: 0.01 | M42: =+M40*L42 -> 2825.1717
J43: UTILIDAD | L43: 0.05 | M43: =+M40*L43 -> 14125.859
J44: COSTOS INDIRECTOS | M44: =+SUM(M41:M43) -> 79104.808
J45: COSTO TOTAL | M45: =+M40+M44 -> 361621.98
B47: NOTA: Las cantidades se redondean a cero (0) decimales.
B50: Elaboró: JUAN SEBASTIAN RIVERA RIVERA | I50: Revisó: ALEXANDER MORALES RAMIREZ
B51: Cargo:INGENIERO CIVIL - OFICINA DE AMBIENTE Y GESTION DE RIESGO | I51: Cargo: TEC. ADMINISTRATIVO OFICINA AMBIENTE Y GESTION DE RIESGO
B52: Firma: | I52: Firma:

Sheet INSUMOS
A1: CARTILLA DE INSUMOS PARA PROYECTOS 2022
A5: LISTA DE MATERIALES Y EQUIPOS
A7: Tipo | B7: Insumo | C7: U.M. | D7: Vr. Unitario
A9: Mat | B9: Estaca y puntilla | C9: UND | D9: 750
A10: Eq y herr | B10: Equipo completo de topografía (estación total o RTK, mira, prismas, bastones) | C10: DIA | D10: 83880
A11: Eq y herr | B11: Equipo completo de topografía (estación total o RTK, mira, prismas, bastones) | C11: HORA | D11: =+D10/8 -> 10485
A12: Mat | B12: Piola de albañil | C12: ML | D12: 15
A13: Mat | B13: Cerco de madera (5cm x 10cm x 3m) | C13: UND | D13: 18500
A14: Mat | B14: Puntilla con cabeza 1 1/2" A 3" | C14: LIBRA | D14: 3000
A15: Mat | B15: Polisombra verde 2m de altura | C15: ML | D15: 2419
A16: Eq y herr | B16: Minicargador tipo Bobcat s185 o similar, incluye traslados y operario | C16: HORA | D16: 100000
A17: Eq y herr | B17: Vibrocompactador tipo benitín de 1ton, incluye traslados y operario | C17: HORA | D17: 100000
A18: Eq y herr | B18: Retroexcavadora potencia de motor superior a 63KW. Incluye operario y desplazamientos | C18: HORA | D18: 140000
A19: Transp | B19: Transporte volqueta menor 5 km factor de expansión 1,3 | C19: M³ - KM | D19: 1500
A20: Mat | B20: Limpiador PVC x 1/4 Galón | C20: UND | D20: 59921
A21: Mat | B21: Soldadura PVC x 1/4 Galón | C21: UND | D21: 106250
A22: Mat | B22: Tubo sanitario PVC-S 6" Certificado trabajo pesado x 6m | C22: UND | D22: =275000*1.05 -> 288750
A23: Mat | B23: Codo 6" pvc-s trabajo pesado | C23: UND | D23: 122000
A24: Mat | B24: Tee 6" pvc-s trabajo pesado | C24: UND | D24: 152900
A25: Mat | B25: Unión 6" pvc-s trabajo pesado | C25: UND | D25: 37200
A26: Mat | B26: Tubería corrugada pared reforzada pvc-alcantarillado 8" - 200mm (6m) | C26: UND | D26: 365963
A27: Mat | B27: Lubricante para tubería | C27: LIBRA | D27: 17200
A28: Mat | B28: Acero suministrado y figurado PDR 60 | C28: KG | D28: 7959
A29: Mat | B29: Juego de aro y tapa HF | C29: UND | D29: 331000
A30: Eq y herr | B30: Formaleta metálica para pozo | C30: DIA | D30: 86798
A31: Eq y herr | B31: Vibrador para concreto | C31: HORA | D31: 5387
A32: Eq y herr | B32: Mezcladora de concreto | C32: HORA | D32: 9607
A33: Mat | B33: Tubo presión PVC-P RDE21 3/4" certificado trabajo pesado x 6m | C33: UND | D33: 23000
A34: Mat | B34: Codo presión PVC-P 3/4" certificado trabajo pesado | C34: UND | D34: 1300
... A217: Mat | B217: Ventana tipo 2, incluye marco, forja decorativa y refuerzo, entrepaño inferior, divisiones o marcos internos, pintura anticorrosiva y esmalte según diseño | C217: Und | D217: 2238500
A218: Mat | B218: Suministro e instalación de luceta circular en forja según diseño, incluye anticorrosivo, pintura tipo esmalte y todo lo necesario para su correcta instalación y funcionalidad
A219: Eq y herr | B219: Equipo completo de topografía (estación total o RTK, mira, prismas, bastones) | C219: Día | D219: 83880
A220: Eq y herr | B220: Compresor neumatico potencia 30KW, incluye operario y desplazamientos | C220: hr | D220: 70863
A221: Eq y herr | B221: Compactador manual (Tipo canguro o saltarín) | C221: hr | D221: 7728
A222: Eq y herr | B222: Volqueta capacidad de 6m3 | C222: m3-km | D222: 1800
A223: Eq y herr | B223: Motosierra, 93.6 cm3 - 7.1 HP, 45-90 cm - 7.9 kg | C223: hr | D223: 7814
A224: Eq y herr | B224: Vibrador para concreto | C224: hr | D224: 5387
A225: Eq y herr | B225: Formaleta en madera | C225: m² | D225: 43154
A226: Eq y herr | C226: Hr | D226: 10000
A227: Eq y herr | B227: Pulidora manual cortadora angular | C227: hr | D227: 7500
A228: Eq y herr | B228: Cortadora manual de baldosa | C228: Día | D228: 26900
A229: Eq y herr | B229: Equipo de soldadura | C229: Dia | D229: 80000
A230: Eq y herr | B230: Vibrocompactador manual | C230: Dia | D230: 65000
A231: Mat | B231: Ladrillo prensado 12x24,5x5,5 macizo | C231: und | D231: 2200
A232: Mat | B232: Bloque No.5 | C232: Und | D232: 1500
A233: Eq y herr | B233: Pulidora | C233: Hhr | D233: 7500
A234: Eq y herr | B234: Cortadora de baldosa | C234: Día | D234: 26900
A235: Mat | B235: Guardaescoba de gres 9 X 20 cm | C235: und | D235: 1385
A236: Eq y herr | B236: Teja Española Ecoroof UPVC 2.3mm Mate 1.08 x 4.92 Mts | C236: m2 | D236: 86300
A237: Mat | B237: Amarre Teja Tapa Plástica 26 cm | C237: und | D237: 575
A238: Mat | B238: Gancho Teja Estructura Metálica 14cm Cal 13 | C238: und | D238: 1300
... A258: Mat | B258: Recebo puesto en obra | C258: m³ | D258: 43157
A259: Mat | B259: Acero suministrado y figurado PDR 60 | C259: kg | D259: =+[239]BASICOS!F199 -> 7707
A260: Eq y herr | B260: Retroexcavadora hidráulica sobre neumáticos, de 105 kW. | C260: hr | D260: 130000
A261: Mat | B261: Recebo granular | C261: m³ | D261: 40000
A262: Eq y herr | B262: Formaleta metálica para pozo | C262: Dia | D262: 86798
A263: Eq y herr | B263: Equipo completo de topografía | C263: Dia | D263: 75000
A264: Eq y herr | B264: Vibrador para concreto | C264: Hr | D264: 5387
A265: Eq y herr | B265: Herramienta menor | C265: 0.1 | D265: % Mano de obra
A266: Eq y herr | B266: Cortadora | C266: Día | D266: 65000
A267: MATERIALES | B267: Compuerta para leña: en fundición gris de 20 cm de alto x 24cm de ancho profundidad 6 cms, con pasador de seguridad y espesor de 2 cm, con agarradera para evitar contacto directo con la compuerta resistentes a temperaturas de 500 oc como mínimo. dureza brinell mínimo 183, resistencia a la tensión mínima 276 mpa. | C267: UND | D267: 150000
A268: TRANSPORTE | B268: Motocarguero | C268: VIAJE | D268: 30000
A269: MATERIALES | B269: Cenicero en lámina calibre 18” de 18 cm x 18 cm x 10 cm con manija en platina | C269: UND | D269: 64257
A270: MATERIALES | B270: Compuerta de aireacion: largo 20cm. ancho 11 cm. tapa 20 x 10 cm. en lamina cold rolled calibre 18 y manija en platina | C270: UND | D270: 70000 | E270: 70200
A271: MATERIALES | B271: Horno en lamina cold rolled calibre 20: dimensiones 30 cm. ancho 25 cm. profundidad 40 cm., con tapa en aluminio serrado a presión a 32,5 cm. x 32,5 cm. reforzada en los bordes con platina de 1" x 1/8, con manija en aluminio y dos bisagras de armillar peso 6.5 kilos, con bandeja interna en lámina de 39.5 cm. x 22 cm. y pestaña de 2 cm. en lámina cold rolled calibre 20. Incluye | C271: UND | D271: 130000 | E271: 131390
A272: MATERIALES | B272: Melaza (Miel de Purga) | C272: KG | D272: 2500
A273: MATERIALES | B273: Tanque calentador de agua con su respectiva tapa los dos elemetos en acero inoxidable calibre 20 tipo 304, con una profundidad de 26 cm, la parte superior de 15,5 cm x 22 cm,la parte inferior de 13 cm x 16,5 cm, la tapa de 23 cm x 20,5 cm con su respectivo boton de agarre, asi mismo el caldero debe llevar un aro de agarre en varilla de calibre 3/16 y un refuerzo en el borde superior con platina de 2,5 ml con una pulgada en acero inoxidable. peso 1.340 gramos, dureza mínima en escala vicker mínima de 160 hv. | C273: UND | D273: 110000
A274: MATERIALES | B274: Parrilla para leña: en fundición gris de 37.5 x 19.5 cm de largo y 17 mm de espesor, resistentes a temperaturas de 500 oc como mínimo, con 22 ranuras de 2 cms cada una dureza brinell mínimo 183, resistencia a la tensión mínima 276 mpa. | C274: UND | D274: 30000
A275: MATERIALES | B275: Plancha en hierro de fundicion gris de 29 cm de ancho por 56 cm de largo y 2 boquillas de 18,5 cm de diametro con sus respectivos discos de graduacion (resistentes a temperaturas de 500°c como minimo), dureza brinell mínimo 183, resistentes a temperaturas de 500 °c. | C275: UND | D275: 155000
A276: MATERIALES | B276: Escuadra en angulo de hierro de 1 1/4" x1/8 de 1,16 metos x 0.88 metros un tubo separador de 8 cm de 7/8 redondo calibre 18. peso aproximado 5.5 kilos. | C276: UND | D276: 60000
A277: MATERIALES | B277: Chimenea cilindro en lámina galvanizada calibre 20 de 12 cm de diámetro x 2.77 metros de tiro. | C277: UND | D277: 100000
A278: MATERIALES | B278: Gorro chino de chimenea : construido en lamina galvanizada calibre 20, y soportado con 3 varillas de 1/4 por 25 cm, diámetro 35 cm, las varillas deber ir unidas entre si, con un aro en lamina calibre 18, con orificios de sujecion en los estremos para tornillos de 1,5 pulgadas por 1/4 de diametro con su respectiva tuerca. | C278: UND | D278: 50000
A279: MATERIALES | B279: Barra de acero para soporte de planchas corrugada de 12mm, para soporte de planchas (6m) | C279: ML | D279: 25400
A280: MATERIALES | B280: Ladrillo prensado a la vista 6X12X25 cm | C280: UND | D280: 1800 | F280: 1893772.7
A281: MATERIALES | B281: Ladrillo TOLETE comun 6x12x25 cm | C281: UND | D281: 1500
A282: MATERIALES | B282: Tableta vitrificada lisa irial 25x25 cm | C282: M2 | D282: 17782

Sheet BASICOS
A1: REPÚBLICA DE COLOMBIA DEPARTAMENTO DEL HUILA MUNICIPIO DE PITALITO
A2: OFICINA DE AMBIENTE Y GESTION DE RIESGO
A3: CMEJORAMIENTO, RECUPERACIÓN Y ADECUACIÓNPRESUPUESTO GENERAL DE OBRA CONSTRUCCIÓN DE HORNILLAS ECOEFICIENTES PARA VIVIENDAS RURALES
A4: ANÁLISIS DE PRECIOS UNITARIOS - SUBPRODUCTOS
A6: CONCRETO BÁSICO 3500 PSI (1:2:2,5) | E6: Unidad: | F6: M3 | H6: cemento | I6: 42 | J6: =(1+2+2.5) -> 5.5 | K6: =ROUND(I6/J6,2) -> 7.64 | L6: 50 | M6: =K6*L6 -> 382 | N6: kg
A7: DESCRIPCIÓN | B7: UNIDAD | C7: DIST. | D7: CANT | E7: V/r UNITARIO | F7: V/r PARCIAL | H7: Arena | J7: 0.04 | K7: =K6 -> 7.64 | L7: 2 | M7: =J7*K7*L7 -> 0.6112
A8: MATERIALES : | F8: =SUM(F9:F12) -> 315370 | H8: grava | J8: =J7 -> 0.04 | K8: =K6 -> 7.64 | L8: 2.5 | M8: =J8*K8*L8 -> 0.764
A9: =+[239]INSUMOS!B132 -> Cemento portland tipo 1 gris | B9: =+[239]INSUMOS!C132 -> Kg | D9: 385 | E9: =+[239]INSUMOS!D132 -> 590 | F9: =ROUND(E9*D9,0) -> 227150
A10: =+[239]INSUMOS!B191 -> Arena para concreto | B10: =+[239]INSUMOS!C191 -> M3 | D10: 0.61 | E10: =+[239]INSUMOS!D191 -> 50000 | F10: =ROUND(E10*D10,0) -> 30500
A11: =+[239]INSUMOS!B192 -> Gravilla bien gradada para concreto | B11: =+[239]INSUMOS!C192 -> M3 | D11: 0.76 | E11: =+[239]INSUMOS!D192 -> 66000 | F11: =ROUND(E11*D11,0) -> 50160
A12: =+[239]INSUMOS!B213 -> Agua | B12: =+[239]INSUMOS!C213 -> lt | D12: 180 | E12: =+[239]INSUMOS!D213 -> 42 | F12: =ROUND(E12*D12,0) -> 7560
A14: EQUIPO Y HERRAMIENTAS: | F14: =SUM(F15:F16) -> 19927
A15: HERRAMIENTA MENOR | B15: GLB | D15: 0.1 | E15: =F18 -> 65356 | F15: =ROUND(E15*D15,0) -> 6536
A16: MEZCLADORA | B16: DIA | D16: 0.3 | E16: 44637 | F16: =ROUND(E16*D16,0) -> 13391
A18: MANO DE OBRA: | F18: =SUM(F19:F20) -> 65356
A19: OFICIAL (incl. Prestaciones) | B19: DIA | D19: 0.2 | E19: =+'[239]M DE OBRA'!N19 -> 119402 | F19: =ROUND(E19*D19,0) -> 23880
A20: AYUDANTE (Incl. Prestaciones) | B20: DIA | D20: 0.6 | E20: =+'[239]M DE OBRA'!N18 -> 69126.41 | F20: =ROUND(E20*D20,0) -> 41476
A22: TRANSPORTE | F22: =SUM(F23) -> 60417
A23: MATERIAL PETREO | B23: KM | C23: 63 | D23: =D10+D11 -> 1.37 | E23: =+[239]INSUMOS!D47 -> 700 | F23: =ROUND(C23*D23*E23,0) -> 60417
B25: [ M3 ] V/r. COSTO DIRECTO = | F25: =ROUND(F22+F18+F14+F8,0) -> 461070
A27: CONCRETO BÁSICO DE 3.000 PSI (1:2:3) | E27: Unidad: | F27: M3
A28: DESCRIPCIÓN | B28: UNIDAD | D28: CANT | E28: V/r UNITARIO | F28: V/r PARCIAL
A29: MATERIALES : | F29: =SUM(F30:F33) -> 297500
A30: =+A9 -> Cemento portland tipo 1 gris | B30: =+B9 -> Kg | D30: 350 | E30: =+E9 -> 590 | F30: =ROUND(E30*D30,0) -> 206500
A31: =+A10 -> Arena para concreto | B31: =+B10 -> M3 | D31: 0.56 | E31: =+E10 -> 50000 | F31: =ROUND(E31*D31,0) -> 28000
A32: =+A11 -> Gravilla bien gradada para concreto | B32: =+B11 -> M3 | D32: 0.84 | E32: =+E11 -> 66000 | F32: =ROUND(E32*D32,0) -> 55440
A33: =+A12 -> Agua | B33: =+B12 -> lt | D33: 180 | E33: =+E12 -> 42 | F33: =ROUND(E33*D33,0) -> 7560
A35: EQUIPO Y HERRAMIENTAS: | F35: =SUM(F36:F37) -> 19927
A36: HERRAMIENTA MENOR | B36: GLB | D36: 0.1 | E36: =F39 -> 65356 | F36: =ROUND(E36*D36,0) -> 6536
A37: MEZCLADORA | B37: DIA | D37: 0.3 | E37: =E16 -> 44637 | F37: =ROUND(E37*D37,0) -> 13391
A39: MANO DE OBRA: | F39: =SUM(F40:F41) -> 65356
A40: OFICIAL (incl. Prestaciones) | B40: DIA | D40: 0.2 | E40: =+'[239]M DE OBRA'!N19 -> 119402 | F40: =ROUND(E40*D40,0) -> 23880
A41: AYUDANTE (Incl. Prestaciones) | B41: DIA | D41: 0.6 | E41: =+'[239]M DE OBRA'!N18 -> 69126.41 | F41: =ROUND(E41*D41,0) -> 41476
A43: TRANSPORTE | F43: =SUM(F44) -> 61740
A44: MATERIAL PETREO | B44: KM | C44: =+C23 -> 63 | D44: =D31+D32 -> 1.4 | E44: =E23 -> 700 | F44: =ROUND(C44*D44*E44,0) -> 61740
B46: [M3 ] V/r. COSTO DIRECTO = | F46: =ROUND(F43+F39+F35+F29,0) -> 444523
A48: CONCRETO BÁSICO DE 2.500 PSI (1:3:3) | E48: Unidad: | F48: M3
A49: DESCRIPCIÓN | B49: UNIDAD | D49: CANT | E49: V/r UNITARIO | F49: V/r PARCIAL
A50: MATERIALES : | F50: =SUM(F51:F54) -> 267156
A51: =+A30 -> Cemento portland tipo 1 gris | B51: =+B30 -> Kg | D51: 300 | E51: =+E30 -> 590 | F51: =ROUND(E51*D51,0) -> 177000
A52: =+A31 -> Arena para concreto | B52: =+B31 -> M3 | D52: 0.72 | E52: =+E31 -> 50000 | F52: =ROUND(E52*D52,0) -> 36000
A53: =+A32 -> Gravilla bien gradada para concreto | B53: =+B32 -> M3 | D53: 0.72 | E53: =+E32 -> 66000 | F53: =ROUND(E53*D53,0) -> 47520
A54: =+A33 -> Agua | B54: =+B33 -> lt | D54: 158 | E54: =+E33 -> 42 | F54: =ROUND(E54*D54,0) -> 6636
A56: EQUIPO Y HERRAMIENTAS: | F56: =SUM(F57:F58) -> 19235
A57: HERRAMIENTA MENOR | B57: GLB | D57: 0.1 | E57: =F60 -> 58443 | F57: =ROUND(E57*D57,0) -> 5844
A58: MEZCLADORA | B58: DIA | D58: 0.3 | E58: =E37 -> 44637 | F58: =ROUND(E58*D58,0) -> 13391
A60: MANO DE OBRA: | F60: =SUM(F61:F62) -> 58443
A61: OFICIAL (incl. Prestaciones) | B61: DIA | D61: 0.2 | E61: =+E40 -> 119402 | F61: =ROUND(E61*D61,0) -> 23880
A62: AYUDANTE (Incl. Prestaciones) | B62: DIA | D62: 0.5 | E62: =+E41 -> 69126.41 | F62: =ROUND(E62*D62,0) -> 34563
A64: TRANSPORTE | F64: =SUM(F65) -> 63504
A65: MATERIAL PETREO | B65: KM | C65: =+C44 -> 63 | D65: =D52+D53 -> 1.44 | E65: =E23 -> 700 | F65: =ROUND(C65*D65*E65,0) -> 63504
B67: [ M3 ] V/r. COSTO DIRECTO = | F67: =ROUND(F64+F60+F56+F50,0) -> 408338
A69: CONCRETO CICLOPEO BÁSICO 3000 PSI | E69: Unidad: | F69: M3
A70: DESCRIPCIÓN | B70: UNIDAD
A71: MATERIALES : | F71: =SUM(F72:F73) -> 220100
A72: =+[239]INSUMOS!B193 -> Piedra media zonga | B72: =+[239]INSUMOS!C193 -> M3 | D72: =0.4*1.3 -> 0.52 | E72: =+[239]INSUMOS!D56 -> 80000 | F72: =ROUND(E72*D72,0) -> 41600
A73: MATERIAL CONCRETO DE 3000 PSI | B73: M3 | D73: 0.6 | E73: =F29 -> 297500 | F73: =ROUND(E73*D73,0) -> 178500
A75: EQUIPO Y HERRAMIENTAS: | F75: =SUM(F76:F77) -> 16468
A76: HERRAMIENTA MENOR | B76: GLB | D76: 0.1 | E76: =F79 -> 75412 | F76: =ROUND(E76*D76,0) -> 7541
A77: MEZCLADORA | B77: DIA | D77: 0.2 | E77: =E37 -> 44637 | F77: =ROUND(E77*D77,0) -> 8927
A79: MANO DE OBRA: | F79: =SUM(F80:F81) -> 75412
A80: OFICIAL (incl. Prestaciones) | B80: DIA | D80: 0.4 | E80: =+E61 -> 119402 | F80: =ROUND(E80*D80,0) -> 47761
A81: AYUDANTE (Incl. Prestaciones) | B81: DIA | D81: 0.4 | E81: =+E62 -> 69126.41 | F81: =ROUND(E81*D81,0) -> 27651
A83: TRANSPORTE | F83: =SUM(F84) -> 58212
A84: MATERIAL PETREO | B84: KM | C84: =+C65 -> 63 | D84: 1.32 | E84: =E23 -> 700 | F84: =ROUND(C84*D84*E84,0) -> 58212
B86: [ M3 ] V/r. COSTO DIRECTO = | F86: =ROUND(F83+F79+F75+F71,0) -> 370192
A88: MORTERO BÁSICO 1:3 | E88: Unidad: | F88: M3
A89: DESCRIPCIÓN | B89: UNIDAD | D89: CANT | E89: V/r UNITARIO | F89: V/r PARCIAL
A90: MATERIALES : | F90: =SUM(F91:F93) -> 330130
A91: =+A51 -> Cemento portland tipo 1 gris | B91: =+B51 -> Kg | D91: 454 | E91: =+E51 -> 590 | F91: =ROUND(E91*D91,0) -> 267860
A92: =+[239]INSUMOS!B131 -> Arena para mortero | B92: =+[239]INSUMOS!C131 -> M3 | D92: 1.09 | E92: =+[239]INSUMOS!D131 -> 50000 | F92: =ROUND(E92*D92,0) -> 54500
A93: =+A54 -> Agua | B93: =+B54 -> lt | D93: 185 | E93: =+E54 -> 42 | F93: =ROUND(E93*D93,0) -> 7770
A95: EQUIPO Y HERRAMIENTAS: | F95: =SUM(F96:F96) -> 3456
A96: HERRAMIENTA MENOR | B96: GLB | D96: 0.1 | E96: =F98 -> 34563 | F96: =ROUND(E96*D96,0) -> 3456
A98: MANO DE OBRA: | F98: =SUM(F99:F99) -> 34563
A99: AYUDANTE (Incl. Prestaciones) | B99: DIA | D99: 0.5 | E99: =+E81 -> 69126.41 | F99: =ROUND(E99*D99,0) -> 34563
A101: TRANSPORTE | F101: =SUM(F102) -> 48069
A102: MATERIAL PETREO | B102: KM | C102: =+C84 -> 63 | D102: =D92 -> 1.09 | E102: =E23 -> 700 | F102: =ROUND(C102*D102*E102,0) -> 48069
B104: V/r. COSTO DIRECTO = | F104: =ROUND(F101+F98+F95+F90,0) -> 416218
A106: MORTERO BÁSICO 1:3 IMPERMEABILIZADO | E106: Unidad: | F106: M3
A107: DESCRIPCIÓN | B107: UNIDAD | D107: CANT | E107: V/r UNITARIO | F107: V/r PARCIAL
A108: MATERIALES : | F108: =SUM(F109:F112) -> 655991
A109: =+A91 -> Cemento portland tipo 1 gris | B109: =+B91 -> Kg | D109: 454 | E109: =+E91 -> 590 | F109: =ROUND(E109*D109,0) -> 267860
A110: =+A92 -> Arena para mortero | B110: =+B92 -> M3 | D110: 1.09 | E110: =+E92 -> 50000 | F110: =ROUND(E110*D110,0) -> 54500
A111: =+[239]INSUMOS!B196 -> Impermeabilizante tipo Sika 1 o similar | B111: =+[239]INSUMOS!C196 -> kg | D111: 14.5 | E111: =+[239]INSUMOS!D196 -> 22450 | F111: =ROUND(E111*D111,0) -> 325525
A112: =+A93 -> Agua | B112: =+B93 -> lt | D112: 193 | E112: =+E93 -> 42 | F112: =ROUND(E112*D112,0) -> 8106
A114: EQUIPO Y HERRAMIENTAS: | F114: =SUM(F115:F115) -> 3456
A115: HERRAMIENTA MENOR | B115: GLB | D115: 0.1 | E115: =F117 -> 34563 | F115: =ROUND(E115*D115,0) -> 3456
A117: MANO DE OBRA: | F117: =SUM(F118:F118) -> 34563
A118: AYUDANTE (Incl. Prestaciones) | B118: DIA | D118: 0.5 | E118: =+E99 -> 69126.41 | F118: =ROUND(E118*D118,0) -> 34563
A120: TRANSPORTE | F120: =SUM(F121) -> 48069
A121: MATERIAL PETREO | B121: KM | C121: =+C102 -> 63 | D121: =D110 -> 1.09 | E121: =E23 -> 700 | F121: =ROUND(C121*D121*E121,0) -> 48069
B123: [ M3 ] V/r. COSTO DIRECTO = | F123: =ROUND(F120+F117+F114+F108,0) -> 742079
A125: MORTERO BÁSICO 1:4 | E125: Unidad: | F125: M3
A126: DESCRIPCIÓN | B126: UNIDAD | D126: CANT | E126: V/r UNITARIO | F126: V/r PARCIAL
A127: MATERIALES : | F127: =SUM(F128:F130) -> 280236
A128: =+A91 -> Cemento portland tipo 1 gris | B128: =+B109 -> Kg | D128: 364 | E128: =+E109 -> 590 | F128: =ROUND(E128*D128,0) -> 214760
A129: =+A92 -> Arena para mortero | B129: =+B110 -> M3 | D129: 1.16 | E129: =+E110 -> 50000 | F129: =ROUND(E129*D129,0) -> 58000
A130: =+A93 -> Agua | B130: =+B112 -> lt | D130: 178 | E130: =+E112 -> 42 | F130: =ROUND(E130*D130,0) -> 7476
A132: EQUIPO Y HERRAMIENTAS: | F132: =SUM(F133:F133) -> 3456
...

Sheet M DE OBRA
F1: REPÚBLICA DE COLOMBIA DEPARTAMENTO DEL HUILA MUNICIPIO DE PITALITO
F2: OFICINA DE AMBIENTE Y GESTION DE RIESGO
F3: CONSTRUCCION DE HORNILLAS ECOEFICIENTES EN ECOSISTEMAS DE CONSERVACION ESTRATEGICOS DE ZONA RURAL.
A4: MANO DE OBRA
A6: Salario Minimo Mensual: | F6: 1000000 | J6: Salario Minimo Diario: | L6: =ROUND(F6/30,0) -> 33333
N8: FACTOR PRESTACIONAL < 2SMMLV | P8: =+'[239]F. PREST '!I24 -> 1.8853
A9: CUADRO DE CONVENCIONES | N9: FACTOR PRESTACIONAL > 2 SMMLV | P9: =+'[239]F. PREST '!I47 -> 1.7281
A10: CUADRILLAS
A11: TIPO | C11: DESCRIPCIÓN
A12: A-A | C12: Albañilería
A13: B-B | C13: Intalaciones Eléctricas
A14: C-C | C14: Carpintería Metálica
A15: H-H | C15: Intalaciones Hidrosanitarias
A17: No. | B17: DESCRIPCION | J17: FACTOR SALARIAL | K17: % INV. VARIABLE | L17: VR. DIA | M17: VR. MES | N17: VR. DIA + PRES | O17: VR. HORA | P17: VR. HORA + PRES
A18: 1 | B18: Ayudante A (Albañileria) | J18: 1.1 | L18: =ROUND(J18*$L$6,0) -> 36666 | M18: =+L18*30 -> 1099980 | N18: =+(M18/30)*P8 -> 69126.41 | O18: =ROUND(L18/8,0) -> 4583 | P18: =ROUND(N18/8,0) -> 8641
A19: =A18+1 -> 2 | B19: Oficial A (Albañileria) | J19: 1.9 | L19: =ROUND(J19*$L$6,0) -> 63333 | M19: =+L19*30 -> 1899990 | N19: =ROUND(L19*$P$8,0) -> 119402 | O19: =ROUND(L19/8,0) -> 7917 | P19: =ROUND(N19/8,0) -> 14925
A20: =A19+1 -> 3 | B20: Ayudante B (Inst. Elec) | J20: 1.4 | L20: =ROUND(J20*$L$6,0) -> 46666 | M20: =+L20*30 -> 1399980 | N20: =ROUND(L20*$P$8,0) -> 87979 | O20: =ROUND(L20/8,0) -> 5833 | P20: =ROUND(N20/8,0) -> 10997
A21: =A20+1 -> 4 | B21: Oficial B (Inst. Elec) | J21: 2.2 | L21: =ROUND(J21*$L$6,0) -> 73333 | M21: =+L21*30 -> 2199990 | N21: =ROUND(L21*P9,0) -> 126727 | O21: =ROUND(L21/8,0) -> 9167 | P21: =ROUND(N21/8,0) -> 15841
A22: =A21+1 -> 5 | B22: Ayudante C (Carpinterias) | J22: 1.2 | L22: =ROUND(J22*$L$6,0) -> 40000 | M22: =+L22*30 -> 1200000 | N22: =ROUND(L22*$P$8,0) -> 75412 | O22: =ROUND(L22/8,0) -> 5000 | P22: =ROUND(N22/8,0) -> 9427
A23: =A22+1 -> 6 | B23: Oficial C (Carpinterias) | J23: 1.8 | L23: =ROUND(J23*$L$6,0) -> 59999 | M23: =+L23*30 -> 1799970 | N23: =ROUND(L23*$P$8,0) -> 113116 | O23: =ROUND(L23/8,0) -> 7500 | P23: =ROUND(N23/8,0) -> 14140
A24: =A23+1 -> 7 | B24: Ayudante H (Intalaciones Hidrosanitarias) | J24: 1.3 | L24: =ROUND(J24*$L$6,0) -> 43333 | M24: =+L24*30 -> 1299990 | N24: =ROUND(L24*$P$8,0) -> 81696 | O24: =ROUND(L24/8,0) -> 5417 | P24: =ROUND(N24/8,0) -> 10212
A25: =A24+1 -> 8 | B25: Oficial H (Intalaciones Hidrosanitarias) | J25: 2 | L25: =ROUND(J25*$L$6,0) -> 66666 | M25: =+L25*30 -> 1999980 | N25: =ROUND(L25*$P$8,0) -> 125685 | O25: =ROUND(L25/8,0) -> 8333 | P25: =ROUND(N25/8,0) -> 15711
A26: =A25+1 -> 9 | B26: Oficial Explosivos | J26: 2.3 | L26: =ROUND(J26*$L$6,0) -> 76666 | M26: =+L26*30 -> 2299980 | N26: =ROUND(L26*$P$9,0) -> 132487 | O26: =ROUND(L26/8,0) -> 9583 | P26: =ROUND(N26/8,0) -> 16561
A27: =A26+1 -> 10 | B27: Maestro de Obra | J27: 2.5 | L27: =ROUND(J27*$L$6,0) -> 83333 | M27: =+L27*30 -> 2499990 | N27: =ROUND(L27*P9,0) -> 144008 | O27: =ROUND(L27/8,0) -> 10417 | P27: =ROUND(N27/8,0) -> 18001
A28: =A27+1 -> 11 | B28: Topografo | J28: 2.5 | L28: =ROUND(J28*$L$6,0) -> 83333 | M28: =+L28*30 -> 2499990 | N28: =ROUND(L28*P9,0) -> 144008 | O28: =ROUND(L28/8,0) -> 10417 | P28: =ROUND(N28/8,0) -> 18001
A29: =A28+1 -> 12 | B29: Cadenero | J29: 1.9 | L29: =ROUND(J29*$L$6,0) -> 63333 | M29: =+L29*30 -> 1899990 | N29: =ROUND(L29*P8,0) -> 119402 | O29: =ROUND(L29/8,0) -> 7917 | P29: =ROUND(N29/8,0) -> 14925
A30: =A29+1 -> 13 | B30: Trochero | J30: 1.1 | L30: =ROUND(J30*$L$6,0) -> 36666 | M30: =+L30*30 -> 1099980 | N30: =ROUND(L30*$P$8,0) -> 69126 | O30: =ROUND(L30/8,0) -> 4583 | P30: =ROUND(N30/8,0) -> 8641
A32: CUADRILLAS MANO DE OBRA
A33: No. | B33: DESCRIPCIÓN CUADRILLAS | G33: Cant | H33: Vr. Maes Día+Pres | I33: Cant | J33: Vr. Ofc Día + Pres. | K33: Cant | L33: Vr. Ayu Día+ Pres. | M33: Vr. Día + Pres | P33: Vr. Hora + Pres
A34: 1 | B34: Cuadrilla 1: 1 Ayudante A | K34: 1 | L34: =+N18 -> 69126.41 | M34: =(G34*H34)+(I34*J34)+(K34*L34) -> 69126.41 | P34: =+M34/8 -> 8640.8012
A35: =A34+1 -> 2 | B35: Cuadrilla 2: 2 Ayudantes A | K35: 2 | L35: =+N18 -> 69126.41 | M35: =(G35*H35)+(I35*J35)+(K35*L35) -> 138252.82 | P35: =+M35/8 -> 17281.602
A36: =A35+1 -> 3 | B36: Cuadrilla 3: 3 Ayudantes A | K36: 3 | L36: =+N18 -> 69126.41 | M36: =(G36*H36)+(I36*J36)+(K36*L36) -> 207379.23 | P36: =+M36/8 -> 25922.404
A37: 4 | B37: Cuadrilla 4: 1 Ayudante B | K37: 1 | L37: =+N20 -> 87979 | M37: =(G37*H37)+(I37*J37)+(K37*L37) -> 87979 | P37: =+M37/8 -> 10997.375
A38: 5 | B38: Cuadrilla 5: 1 OfcA + 1 AyuA | I38: 1 | J38: =+N19 -> 119402 | K38: 1 | L38: =+N18 -> 69126.41 | M38: =(G38*H38)+(I38*J38)+(K38*L38) -> 188528.41 | P38: =+M38/8 -> 23566.051
A39: 6 | B39: Cuadrilla 6: 1 OfcA + 2 AyuA | I39: 1 | J39: =+N19 -> 119402 | K39: 2 | L39: =+N18 -> 69126.41 | M39: =(G39*H39)+(I39*J39)+(K39*L39) -> 257654.82 | P39: =+M39/8 -> 32206.852
A40: 7 | B40: Cuadrilla 7: 1 OfcA + 3 AyuA | I40: 1 | J40: =+N19 -> 119402 | K40: 3 | L40: =+N18 -> 69126.41 | M40: =(G40*H40)+(I40*J40)+(K40*L40) -> 326781.23 | P40: =+M40/8 -> 40847.654
A41: 8 | B41: Cuadrilla 8: 1 OfcA + 4 AyuA | I41: 1 | J41: =+N19 -> 119402 | K41: 4 | L41: =+N18 -> 69126.41 | M41: =(G41*H41)+(I41*J41)+(K41*L41) -> 395907.64 | P41: =+M41/8 -> 49488.455
A42: 9 | B42: Cuadrilla 9: 1 OfcA + 5 AyuA | I42: 1 | J42: =+N19 -> 119402 | K42: 5 | L42: =+N18 -> 69126.41 | M42: =(G42*H42)+(I42*J42)+(K42*L42) -> 465034.05 | P42: =+M42/8 -> 58129.256
A43: 10 | B43: Cuadrilla 10: 1 OfcA + 6 AyuA | I43: 1 | J43: =+N19 -> 119402 | K43: 6 | L43: =+N18 -> 69126.41 | M43: =(G43*H43)+(I43*J43)+(K43*L43) -> 534160.46 | P43: =+M43/8 -> 66770.057
A44: 11 | B44: Cuadrilla 11: 1Ma+1OfcA+1AyuA | G44: 1 | H44: =+N27 -> 144008 | I44: 1 | J44: =+N19 -> 119402 | K44: 1 | L44: =+N18 -> 69126.41 | M44: =(G44*H44)+(I44*J44)+(K44*L44) -> 332536.41 | P44: =+M44/8 -> 41567.051
A45: 12 | B45: Cuadrilla 12: 1Ma+1OfcA+2AyuA | G45: 1 | H45: =+N28 -> 144008 | I45: 1 | J45: =+N19 -> 119402 | K45: 2 | L45: =N18 -> 69126.41 | M45: =(G45*H45)+(I45*J45)+(K45*L45) -> 401662.82 | P45: =+M45/8 -> 50207.852
A46: 13 | B46: Cuadrilla 13: 1Ma+1OfcA+3AyuA | G46: 1 | H46: =+N28 -> 144008 | I46: 1 | J46: =+N19 -> 119402 | K46: 3 | L46: =+N18 -> 69126.41 | M46: =(G46*H46)+(I46*J46)+(K46*L46) -> 470789.23 | P46: =+M46/8 -> 58848.654
A47: 14 | B47: Cuadrilla 14: 1Ma+1OfcA+4AyuA | G47: 1 | H47: =+N28 -> 144008 | I47: 1 | J47: =+N19 -> 119402 | K47: 4 | L47: =+N18 -> 69126.41 | M47: =(G47*H47)+(I47*J47)+(K47*L47) -> 539915.64 | P47: =+M47/8 -> 67489.455
A48: 15 | B48: Cuadrilla 15: 1Ma+1OfcA+5AyuA | G48: 1 | H48: =+N28 -> 144008 | I48: 1 | J48: =+N19 -> 119402 | K48: 5 | L48: =+N18 -> 69126.41 | M48: =(G48*H48)+(I48*J48)+(K48*L48) -> 609042.05 | P48: =+M48/8 -> 76130.256
A49: 16 | B49: Cuadrilla 16: 1Ma+1OfcA+6AyuA | G49: 1 | H49: =+N28 -> 144008 | I49: 1 | J49: =+N19 -> 119402 | K49: 6 | L49: =+N18 -> 69126.41 | M49: =(G49*H49)+(I49*J49)+(K49*L49) -> 678168.46 | P49: =+M49/8 -> 84771.057
A50: 17 | B50: Cuadrilla 17: 1Ma+2OfcA+4AyuA | G50: 1 | H50: =+N28 -> 144008 | I50: 2 | J50: =+N19 -> 119402 | K50: 4 | L50: =+N18 -> 69126.41 | M50: =(G50*H50)+(I50*J50)+(K50*L50) -> 659317.64 | P50: =+M50/8 -> 82414.705
A51: 18 | B51: Cuadrilla 18: 1 OfcB + 1 AyuB | I51: 1 | J51: =+N21 -> 126727 | K51: 1 | L51: =+N20 -> 87979 | M51: =(G51*H51)+(I51*J51)+(K51*L51) -> 214706 | P51: =+M51/8 -> 26838.25
A52: 19 | B52: Cuadrilla 19: 1 OfcB + 2 AyuB | I52: 1 | J52: =+$N$21 -> 126727 | K52: 2 | L52: =+N20 -> 87979 | M52: =(G52*H52)+(I52*J52)+(K52*L52) -> 302685 | P52: =+M52/8 -> 37835.625
A53: 20 | B53: Cuadrilla 20: 1 OfcB + 3 AyuB | I53: 1 | J53: =+$N$21 -> 126727 | K53: 3 | L53: =+N20 -> 87979 | M53: =(G53*H53)+(I53*J53)+(K53*L53) -> 390664 | P53: =+M53/8 -> 48833
A54: 21 | B54: Cuadrilla 21: 1 OfcB + 4 AyuB | I54: 1 | J54: =+$N$21 -> 126727 | K54: 4 | L54: =+N20 -> 87979 | M54: =(G54*H54)+(I54*J54)+(K54*L54) -> 478643 | P54: =+M54/8 -> 59830.375
A55: 22 | B55: Cuadrilla 22: 1 OfcB + 5 AyuB | I55: 1 | J55: =+$N$21 -> 126727 | K55: 5 | L55: =+N20 -> 87979 | M55: =(G55*H55)+(I55*J55)+(K55*L55) -> 566622 | P55: =+M55/8 -> 70827.75
A56: 23 | B56: Cuadrilla 23: 1 OfcC + 1 AyuC | I56: 1 | J56: =+$N$23 -> 113116 | K56: 1 | L56: =+N22 -> 75412 | M56: =(G56*H56)+(I56*J56)+(K56*L56) -> 188528 | P56: =+M56/8 -> 23566
A57: 24 | B57: Cuadrilla 24: 1 OfcC + 2 AyuC | I57: 1 | J57: =+$N$23 -> 113116 | K57: 2 | L57: =+N22 -> 75412 | M57: =(G57*H57)+(I57*J57)+(K57*L57) -> 263940 | P57: =+M57/8 -> 32992.5
A58: 25 | B58: Cuadrilla 25: 1 OfcC + 3 AyuC | I58: 1 | J58: =+$N$23 -> 113116 | K58: 3 | L58: =+N22 -> 75412 | M58: =(G58*H58)+(I58*J58)+(K58*L58) -> 339352 | P58: =+M58/8 -> 42419
A59: 26 | B59: Cuadrilla 26: 1 OfcC + 4 AyuC | I59: 1 | J59: =+$N$23 -> 113116 | K59: 4 | L59: =+N22 -> 75412 | M59: =(G59*H59)+(I59*J59)+(K59*L59) -> 414764 | P59: =+M59/8 -> 51845.5
A60: 27 | B60: Cuadrilla 27: 1 OfcH + 1 AyuH | I60: 1 | J60: =+$N$25 -> 125685 | K60: 1 | L60: =+N24 -> 81696 | M60: =(G60*H60)+(I60*J60)+(K60*L60) -> 207381 | P60: =+M60/8 -> 25922.625
A61: 28 | B61: Cuadrilla 28: 1 OfcH + 2 AyuH | I61: 1 | J61: =+$N$25 -> 125685 | K61: 2 | L61: =+N24 -> 81696 | M61: =(G61*H61)+(I61*J61)+(K61*L61) -> 289077 | P61: =+M61/8 -> 36134.625
A62: 29 | B62: Cuadrilla 29: 1 OfcH + 3 AyuH | I62: 1 | J62: =+$N$25 -> 125685 | K62: 3 | L62: =+N24 -> 81696 | M62: =(G62*H62)+(I62*J62)+(K62*L62) -> 370773 | P62: =+M62/8 -> 46346.625
A63: 30 | B63: Cuadrilla 30: 1 OfcH + 4 AyuH | I63: 1 | J63: =+$N$25 -> 125685 | K63: 4 | L63: =+N24 -> 81696 | M63: =(G63*H63)+(I63*J63)+(K63*L63) -> 452469 | P63: =+M63/8 -> 56558.625
A64: 31 | B64: Cuadrilla 31: 1Ma+1OfcH+3AyuH | G64: 1 | H64: =+N27 -> 144008 | I64: 1 | J64: =+N25 -> 125685 | K64: 3 | L64: =+N24 -> 81696 | M64: =(G64*H64)+(I64*J64)+(K64*L64) -> 514781 | P64: =+M64/8 -> 64347.625
A65: 32 | B65: Cuadrilla 32: 1 OfcExplosivos + 4 AyuA | I65: 1 | J65: =+N26 -> 132487 | K65: 4 | L65: =+N18 -> 69126.41 | M65: =(G65*H65)+(I65*J65)+(K65*L65) -> 408992.64 | P65: =+M65/8 -> 51124.08
A66: 33 | B66: Cuadrilla 33: 1 OfcA | I66: 1 | J66: =+N19 -> 119402 | M66: =(G66*H66)+(I66*J66)+(K66*L66) -> 119402 | P66: =+M66/8 -> 14925.25
A67: 34 | B67: Cuadrilla 34: 1 OfcB | I67: 1 | J67: =+N21 -> 126727 | M67: =(G67*H67)+(I67*J67)+(K67*L67) -> 126727 | P67: =+M67/8 -> 15840.875
A68: 35 | B68: Cuadrilla 35: 1 OfcC | I68: 1 | J68: =+N23 -> 113116 | M68: =(G68*H68)+(I68*J68)+(K68*L68) -> 113116 | P68: =+M68/8 -> 14139.5
A69: 36 | B69: Cuadrilla 36: 1 OfcH | I69: 1 | J69: =+N25 -> 125685 | M69: =(G69*H69)+(I69*J69)+(K69*L69) -> 125685 | P69: =+M69/8 -> 15710.625
A71: TOPOGRAFÍA
A72: No. | B72: DESCRIPCIÓN CUADRILLAS | G72: Cant | H72: Vr.Topo Día+ Pres | I72: Cant | J72: Vr. Cadenero Día+ Pres | K72: Cant | L72: Vr. Trochero Día+Pres | M72: Vr. Día +Pres | N72: Vr. Día + Pres | P72: Vr. Hora + Pres
A73: 35 | B73: Comisión de Topografía | G73: 1 | H73: =+N28 -> 144008 | I73: 1 | J73: =+N29 -> 119402 | K73: 1 | L73: =+N30 -> 69126 | M73: =(G73*H73)+(I73*J73)+(K73*L73) -> 332536 | N73: =M73 -> 332536 | P73: =+N73/8 -> 41567

Sheet ANALISIS INTERVENTORIA
A1: NOMBRE DEL PROYECTO | C1: PRESUPUESTO GENERAL DE OBRA CONSTRUCCION DE HORNILLAS ECOEFICIENTES EN ECOSISTEMAS DE CONSERVACION ESTRATEGICOS DE ZONA RURAL.
A2: UBICACIÓN | C2: MUNICIPIO DE PITALITO - HUILA
A4: ITEM | B4: ACTIVIDAD | D4: CANT | E4: VALOR/MES/ BASE | F4: FACTOR MULTIPLICADOR | G4: COSTO TOTAL MENSUAL | H4: % DEDIC | I4: TIEMPO (MESES) | J4: COSTO TOTAL
A5: A | B5: Costos Directos (Personal)
A6: A.1 | B6: Director de interventoría | D6: 1 | E6: 950000 | F6: 1.92 | G6: =+E6*F6 -> 1824000 | H6: 1 | I6: 3.5 | J6: =+G6*H6*I6 -> 6384000
A7: A.2 | B7: Inspector de interventoría | D7: 1 | E7: 650000 | F7: 1.92 | G7: =+E7*F7 -> 1248000 | H7: 1 | I7: 3.5 | J7: =+G7*H7*I7 -> 4368000
A8: SUBTOTAL COSTOS DIRECTOS DE PERSONAL (A) | J8: =+J6+J7 -> 10752000
A10: B | B10: Costo Directo Diferente a Suelos
A11: B.1 | B11: arriendo oficina / Almacen | D11: 1 | G11: 550000 | H11: 1 | I11: 3.5 | J11: =+D11*G11*H11*I11 -> 1925000
A12: B.2 | B12: Comunicación de personal de la interventoría (celulares con planes de minutos y datos) | D12: 2 | G12: 205000 | H12: 1 | I12: 3.5 | J12: =+D12*G12*H12*I12 -> 1435000
A13: B.3 | B13: transporte | D13: 1 | G13: 100000 | H13: 1 | I13: 3.5 | J13: =+D13*G13*H13*I13 -> 350000
A14: B.4 | B14: papelería (planos, impresiones etc) | D14: 1 | G14: 53047.429 | H14: 1 | I14: 3.5 | J14: =+D14*G14*H14*I14 -> 185666
A16: SUBTOTAL COSTO DIRECTO DIFERENTE A SUELDOS (B) | J16: =+SUM(J11:J14) -> 3895666
A17: TOTAL DE COSTOS DIRECTOS ( C ) | J17: =+J8+J16+84.5 -> 14647750
E19: FACTOR MULTIPLICADOR SOBRE COSTOS DIRECTOS (D) | J19: 0.29
E20: GASTOS LEGALES, ADMINISTRACION O INDIRECTOS ( E) = C*D | J20: =+J17*J19 -> 4247847.6
E21: IVA | I21: 0.19 | J21: =+(J17+J20)*0.19 -> 3590163.6
E22: COSTO TOTAL DE LA INTERVENTORIA | J22: =+J17+J20+J21 -> 22485762 | K22: 22485734 | L22: =+K22-J22 -> -27.79255
A25: Elaboró: JUAN SEBASTIAN RIVERA RIVERA | F25: Revisó: ALEXANDER MORALES RAMIREZ
A26: Cargo:INGENIERO CIVIL - OFICINA DE AMBIENTE Y GESTION DE RIESGO | F26: Cargo: TEC. ADMINISTRATIVO OFICINA AMBIENTE Y GESTION DE RIESGO
A27: Firma: | F27: Firma:

Sheet Hoja2
